 Dungeon Crawl Stone Soup version 0.30.1-11-g7821555f0a (webtiles) character file.

Game seed: 16858003723042869044

10238400 Nonny the Swordfish (level 27, 249/249 HPs)
             Began as a Merfolk Gladiator on Dec 9, 2023.
             Was the Champion of Dithmenos.
             Escaped with the Orb
             ... and 12 runes on Dec 10, 2023!
             The game lasted 07:20:52 (101064 turns).

Nonny the Swordfish (Merfolk Gladiator)           Turns: 101064, Time: 07:20:52

Health: 249/249    AC: 18    Str: 15    XL:     27
Magic:  25/25      EV: 54    Int: 13    God:    Dithmenos [******]
Gold:   7729       SH: 35    Dex: 42    Spells: 26/26 levels left

rFire   + + .        K - +6 demon blade (elec)
rCold   + + .        O - +2 tower shield {rN+}
rNeg    + . .        S - +4 troll leather armour
rPois   +            R - +2 hat {Stlth+}
rElec   +            j - scarf of Qemuff {rC+ rF+, +Inv rElec Str+3 Dex+4}
rCorr   .            M - +2 pair of gloves
SInv    .            k - +2 pair of boots
Will    ++...        J - amulet of Vitality {RegenMP++ Regen++}
Stlth   ++++++++     I - ring of the Screaming Saviour {rPois Dex+6}
HPRegen 3.01/turn    x - ring "Jumaedd" {rF+ rC+ Int+4 Dex+6}
MPRegen 0.99/turn

%: no passive effects
@: wreathed by umbra, studying 2 skills
A: (nimble swimmer 2), mertail, horns 1, clumsy 1, sense surroundings 1,
teleportitis 1, weak 1, noise suppression
0: Orb of Zot
}: 12/15 runes: barnacled, slimy, silver, icy, bone, abyssal, demonic, glowing,
magical, fiery, dark, gossamer
a: Renounce Religion, Evoke Invisibility, Shadow Step, Shadow Form


You escaped.
You worshipped Dithmenos.
Dithmenos was exalted by your worship.
You visited 16 branches of the dungeon, and saw 77 of its levels.
You visited Pandemonium 1 time, and saw 18 of its levels.
You visited the Abyss 1 time.
You also visited: Ossuary, Ice Cave and Desolation.

You collected 12110 gold pieces.
You spent 4381 gold pieces at shops.

Inventory:

Hand Weapons
 r - the +4 rapier "Zuoddaist" {antimagic, rPois rCorr Str+4 Int-4}
   (You found it on level 3 of the Elven Halls)

   Str:       It affects your strength (+4).
   Int:       It affects your intelligence (-4).
   rPois:     It protects you from poison.
   rCorr:     It protects you from acid and corrosion.
 K - a +6 demon blade of electrocution (weapon)
Missiles
 d - 10 curare-tipped darts
 e - 8 javelins
 n - 21 boomerangs (quivered)
 w - 5 atropa-tipped darts
 z - 3 silver javelins
 V - a datura-tipped dart
 Y - 8 silver boomerangs
Armour
 b - the +0 helmet "Zuumn" {Dex+4}
   (You found it on level 1 of the Vaults)

   Dex:       It affects your dexterity (+4).
 j - the scarf of Qemuff (worn) {rC+ rF+, +Inv rElec Str+3 Dex+4}
   (You found it on level 3 of the Elven Halls)

   Str:       It affects your strength (+3).
   Dex:       It affects your dexterity (+4).
   rElec:     It insulates you from electricity.
   +Inv:      It lets you turn invisible.
 k - a +2 pair of boots (worn)
 M - a +2 pair of gloves (worn)
 O - a +2 tower shield of positive energy (worn)
 R - a +2 hat of stealth (worn)
 S - a +4 troll leather armour (worn)
Jewellery
 h - the ring of Waadd {rPois rF+ rN+}
   (You found it on level 3 of the Crypt)

   [ring of positive energy]

   rF:        It protects you from fire.
   rPois:     It protects you from poison.
   rN:        It protects you from negative energy.
 x - the ring "Jumaedd" (right hand) {rF+ rC+ Int+4 Dex+6}
   (You found it on level 3 of the Depths)

   [ring of dexterity]

   Int:       It affects your intelligence (+4).
   Dex:       It affects your dexterity (+6).
   rF:        It protects you from fire.
   rC:        It protects you from cold.
 E - a ring of see invisible
 F - the ring of Midnight {+Blink rPois Will+}
   (You found it in Pandemonium)

   [ring of poison resistance]

   rPois:     It protects you from poison.
   +Blink:    It lets you blink.
   Will:      It increases your willpower.
 I - the ring of the Screaming Saviour (left hand) {rPois Dex+6}
   (You took it off a servant of whispers in the Desolation of Salt)

   [ring of poison resistance]

   Dex:       It affects your dexterity (+6).
   rPois:     It protects you from poison.
 J - the amulet of Vitality (around neck) {RegenMP++ Regen++}
   (You took it off a vault guard on level 5 of the Vaults)

   [amulet of magic regeneration]

   It increases your rate of magic regeneration.
   Regen:     It increases your rate of health regeneration.
 L - the ring "Ekuunka" {rElec rN+ rCorr}
   (You found it on level 3 of the Crypt)

   [ring of positive energy]

   rElec:     It insulates you from electricity.
   rN:        It protects you from negative energy.
   rCorr:     It protects you from acid and corrosion.
 P - a ring of willpower
Wands
 a - a wand of flame (109)
 f - a wand of digging (3)
 B - a wand of mindburst (32)
 D - a wand of roots (61)
 G - a wand of charming (36)
 Q - a wand of quicksilver (30)
Scrolls
 m - 7 scrolls of fear
 t - 24 scrolls of teleportation
 v - a scroll of magic mapping
 N - 3 scrolls of fog
 W - a scroll of summoning
Potions
 g - 17 potions of curing
 l - 6 potions of resistance
 p - 2 potions of cancellation
 s - 3 potions of ambrosia
 u - 9 potions of flight
 A - 3 potions of haste
 C - 2 potions of magic
 U - 3 potions of invisibility
 X - 5 potions of might
Miscellaneous
 c - a lightning rod (4/4)
 o - a box of beasts (inert)
 q - a phial of floods
 y - a tin of tremorstones (2/2)
 T - a phantom mirror (inert)


   Skills:
 O Level 27 Fighting
 O Level 27 Long Blades
 O Level 27 Throwing
 + Level 9.3 Armour
 O Level 27 Dodging
 + Level 26.8 Stealth
 O Level 27 Shields
 - Level 3.0 Invocations
 + Level 15.8 Evocations


You had 26 spell levels left.
You didn't know any spells.
Your spell library contained the following spells:

 Spells                   Type           Power      Damage    Failure   Level
 Apportation              Tloc           0%         N/A       36%         1
 Foxfire                  Conj/Fire      0%         2x1d4     36%         1
 Freeze                   Ice            0%         1d3       36%         1
 Kiss of Death            Conj/Necr      0%         2d5       36%         1
 Magic Dart               Conj           0%         1d3       36%         1
 Necrotise                Necr           0%         1d4       36%         1
 Sting                    Tmut/Pois      0%         1d3       36%         1
 Summon Small Mammal      Summ           0%         N/A       36%         1
 Call Imp                 Summ           0%         N/A       50%         2
 Ensorcelled Hibernation  Hex/Ice        0%         N/A       50%         2
 Passwall                 Tmut/Erth      0%         N/A       50%         2
 Poisonous Vapours        Pois/Air       0%         N/A       50%         2
 Searing Ray              Conj           0%         2d4       50%         2
 Call Canine Familiar     Summ           0%         N/A       73%         3
 Confusing Touch          Hex            0%         N/A       73%         3
 Dazzling Flash           Conj/Hex       0%         N/A       73%         3
 Frozen Ramparts          Ice            0%         1d1       73%         3
 Hailstorm                Conj/Ice       0%         3d3       73%         3
 Inner Flame              Hex/Fire       0%         N/A       73%         3
 Mephitic Cloud           Conj/Pois/Air  0%         N/A       73%         3
 Ozocubu's Armour         Ice            0%         N/A       73%         3
 Portal Projectile        Hex/Tloc       0%         N/A       73%         3
 Spider Form              Tmut/Pois      0%         N/A       73%         3
 Stone Arrow              Conj/Erth      0%         3d7       73%         3
 Summon Guardian Golem    Hex/Summ       0%         N/A       73%         3
 Swiftness                Air            0%         N/A       73%         3
 Tukima's Dance           Hex            0%         N/A       73%         3
 Vampiric Draining        Necr           0%         2d6       73%         3
 Vhi's Electric Charge    Tloc/Air       0%         N/A       73%         3
 Airstrike                Air            0%         2d(0-16)  98%         4
 Anguish                  Hex/Necr       0%         N/A       98%         4
 Animate Armour           Summ/Erth      0%         N/A       98%         4
 Animate Dead             Necr           0%         N/A       98%         4
 Dispel Undead            Necr           0%         3d6       98%         4
 Flame Wave               Conj/Fire      0%         2d4       98%         4
 Fulminant Prism          Conj/Hex       0%         3d5       98%         4
 Leda's Liquefaction      Hex/Erth       0%         N/A       98%         4
 Manifold Assault         Tloc           0%         N/A       98%         4
 Olgreb's Toxic Radiance  Pois           0%         N/A       98%         4
 Sticky Flame             Conj/Fire      0%         2d3       98%         4
 Agony                    Necr           0%         N/A       100%        5
 Alistair's Intoxication  Tmut/Pois      0%         N/A       100%        5
 Arcjolt                  Conj/Air       0%         1d10      100%        5
 Blade Hands              Tmut           0%         N/A       100%        5
 Freezing Cloud           Conj/Ice/Air   0%         6-21      100%        5
 Irradiate                Conj/Tmut      0%         3d11      100%        5
 Lee's Rapid Deconstruct  Erth           0%         3d4*      100%        5
 Metabolic Englaciation   Hex/Ice        0%         N/A       100%        5
 Silence                  Hex/Air        0%         N/A       100%        5
 Yara's Violent Unravell  Hex/Tmut       0%         3d3       100%        5
 Dispersal                Tloc           0%         N/A       100%        6
 Plasma Beam              Fire/Air       0%         2x1d11    100%        6
 Simulacrum               Ice/Necr       0%         N/A       100%        6
 Statue Form              Tmut/Erth      0%         N/A       100%        6
 Dragon Form              Tmut           0%         N/A       100%        7
 Enfeeble                 Hex            0%         N/A       100%        7
 Haunt                    Necr/Summ      0%         N/A       100%        7
 Ozocubu's Refrigeration  Ice            0%         4d7       100%        7
 Spellforged Servitor     Conj/Summ      0%         N/A       100%        7
 Storm Form               Tmut/Air       0%         N/A       100%        7
 Borgnjor's Revivificati  Necr           0%         N/A       100%        8
 Discord                  Hex            0%         N/A       100%        8
 Disjunction              Tloc           0%         N/A       100%        8
 Ignition                 Fire           0%         3d3       100%        8
 Lehudib's Crystal Spear  Conj/Erth      0%         10d2      100%        8
 Maxwell's Capacitive Co  Air            0%         ∞         100%        8
 Necromutation            Tmut/Necr      0%         N/A       100%        8
 Death's Door             Necr           0%         N/A       100%        9
 Fire Storm               Conj/Fire      0%         5d1       100%        9
 Polar Vortex             Ice            0%         N/A       100%        9


Dungeon Overview and Level Annotations

Branches:
Dungeon (15/15)            Temple (1/1) D:5            Lair (5/5) D:10
 Shoals (4/4) Lair:2       Spider (4/4) Lair:3        Slime (5/5) Lair:4
    Orc (2/2) D:11            Elf (3/3) Orc:2        Vaults (5/5) D:13
  Crypt (3/3) Vaults:2       Tomb (0/3) Crypt:3      Depths (4/4) D:15
   Hell (visited)             Dis (0/7) Hell            Geh (6/7) Hell
    Coc (7/7) Hell            Tar (7/7) Hell            Zot (5/5) Depths:4
Ossuary (visited)           IceCv (visited)         Desolation (visited)

Altars:
Ashenzari
Cheibriados
Dithmenos
Elyvilon
Fedhas
Gozag
Hepliaklqana
Kikubaaqudgha
Makhleb
Nemelex Xobeh
Okawaru
Qazlal
Ru
Sif Muna
Trog
Uskayaw
Vehumet
Wu Jian
Xom
Yredelemnul
Zin
The Shining One
Jiyva

Shops:
D:11 (   D:13 *   Orc:2 *(*=*   Elf:2 ?   Shoals:1 (?:   Shoals:4 [
Vaults:2 [   Vaults:3 :   Vaults:4 ?   Vaults:5 !

Portals:
Hell: Depths:1 Depths:2 Depths:3 Depths:4
Abyss: Depths:1 Depths:3
Pandemonium: Orc:2 Depths:2
Ziggurat: Depths:4

Annotations:
Crypt:2 3 runed translucent doors, Zoalos's ghost, veteran GrEE
Depths:2 4 runed translucent doors
Depths:3 2 transporters, Barug's ghost, adept TrMo
Tar:7 exclusion: door
Zot:1 2 transporters, exclusion: orange crystal statue
Zot:2 2 transporters


Innate Abilities, Weirdness & Mutations

((You are very nimble when in or above water. (Stealth+, EV+, Speed+++)))
Your lower body shifts to a powerful aquatic tail in water.
You have a pair of small horns on your head.
You are clumsy. (Dex -2)
You passively map a small area around you.
You are occasionally teleported next to monsters.
You are weak. (Str -2)
You passively dampen the noise of your surroundings.


Message History

The Hell Sentinel is lightly wounded.
You block the Hell Sentinel's attack. x2
You hit the Hell Sentinel.
The Hell Sentinel is lightly wounded.
Your shadow hits the Hell Sentinel with a demon blade!
You block the Hell Sentinel's attack. x2
You carve the Hell Sentinel like a ham!!!
The Hell Sentinel is heavily wounded.
Your shadow barely misses the Hell Sentinel.
You slash the Hell Sentinel!
You headbutt the Hell Sentinel, but do no damage.
The Hell Sentinel is severely wounded.
Your shadow hits the Hell Sentinel but does no damage.
You block the Hell Sentinel's attack.
The Hell Sentinel completely misses you.
You slash the Hell Sentinel!
You headbutt the Hell Sentinel, but do no damage.
The Hell Sentinel is severely wounded.
You barely miss the Hell Sentinel.
The Hell Sentinel is severely wounded.
Your shadow hits the Hell Sentinel but does no damage.
You block the Hell Sentinel's attack. x2
You hit the Hell Sentinel.
The Hell Sentinel is severely wounded.
Your shadow hits the Hell Sentinel but does no damage.
You block the Hell Sentinel's attack. x2
You open the Hell Sentinel like a pillowcase!!!
You kill the Hell Sentinel!
Dithmenos accepts your kill.
There is a staircase leading out of the dungeon here.
Okay, then.
You open the lid... ...and an elder fireshock beast leaps out!
The box is emptied!
Aiming: Phantom Mirror
Press: ? - help, Dir - move target, f - elder fireshock beast
Aim: an elder fireshock beast (summoned, friendly, umbra)
You reflect your elder fireshock beast with the mirror!
The mirror clouds!
You have escaped!

.##..#.######..#########.# #.#
.###.#.# ##..## #.# #.#
.......####..## #.# #.#
####.###.)..## #.# #.#
...#.###.#### #.# #.#
......##.###############.######.#
##.#....>#.............#........#
#.#.###.#......HH.....########.#
#.#.# #.#......@......# #.# #.#.#
#.#.............# ### #.#.#
#h#.............#
##.#.###.######.⌠.######
...#.....# #...# ####.###.# #.⌠.#
########.# #...# ........h# #.⌠.#
########h# #...#


You could see 2 friendly mutant beasts.

Vanquished Creatures
  Cerebov (Pan)
  Antaeus (Coc:7)
  the Royal Jelly (Slime:5)
  Ereshkigal (Tar:7)
  Gloorx Vloq (Pan)
  Mnoleg (Pan)
  Lom Lobon (Pan)
  the Serpent of Hell (Coc:7)
  An orb of fire (Zot:2)
  2 dread liches
  2 ancient liches
  A juggernaut (Depths:3)
  Mara (Shoals:4)
  3 pandemonium lords (Pan)
  Josephina (Zot:1)
  Vv (Zot:4)
  Bai Suzhen (Crypt:1)
  18 shard shrikes
  2 curse toes
  2 Killer Klowns
  5 caustic shrikes (Depths:4)
  Saint Roka (Crypt:1)
  9 golden dragons
  13 profane servitors
  Geryon (Hell)
  Nikola (Vaults:3)
  19 bone dragons
  21 Tzitzimimeh
  An iron giant (Hell)
  6 Brimstone Fiends (Pan)
  10 doom hounds
  Arachne (Spider:4)
  3 electric golems
  15 Ice Fiends
  Jorgrun (D:15)
  22 tentacled monstrosities
  2 hellephants
  10 liches
  7 Hell Sentinels
  13 titans
  2 deep elf master archers (Elf:3)
  18 Orb Guardians
  23 tainted leviathans
  5 searing wretches
  2 deep elf blademasters (Elf:3)
  2 walking divine tomes
  8 sphinxes
  19 acid blobs
  3 quicksilver dragons
  Polyphemus (Shoals:2)
  2 krakens (Shoals:4)
  8 death cobs
  4 tentacled starspawn
  23 Executioners
  6 tengu reavers
  9 ancient champions
  13 storm dragons
  Kirke (Spider:4)
  6 draconian monks
  10 shadow dragons
  2 revenants
  22 azure jellies
  Ilsuiw (Shoals:4)
  32 narguns
  15 vault wardens
  7 rockslimes
  6 draconian knights
  5 emperor scorpions
  12 fire giants
  9 draconian scorchers
  5 deep elf sorcerers
  18 balrugs
  3 demonspawn warmongers (Pan)
  A spectral juggernaut (Tar:3)
  17 frost giants
  3 orc warlords
  An imperial myrmidon (Desolation)
  13 ghost moths
  3 iron dragons
  4 draconian shifters
  A deep elf elementalist (Elf:3)
  7 cacodemons
  3 spectral caustic shrikes
  14 ghouls
  9 curse skulls
  11 shard shrike simulacra
  20 stone giants
  2 spriggan defenders (Depths:2)
  A demonspawn corrupter (Pan)
  2 demonspawn blood saints (Pan)
  3 draconian stormcallers
  An angel (D:11)
  21 ironbound preservers
  15 quicksilver oozes
  7 war gargoyles
  11 reapers
  9 draconian annihilators
  36 very ugly things
  5 ironbound thunderhulks
  7 deep elf demonologists
  A juggernaut skeleton (Crypt:3)
  10 vampire knights
  2 broodmothers (Spider:3)
  5 demonspawn black suns (Pan)
  Azrael (D:12)
  17 green draconians
  27 elemental wellsprings
  8 lorocyprocas
  10 red draconians
  16 purple draconians
  15 putrid mouths
  17 yellow draconians
  5 dire elephants
  7 white draconians
  3 black draconians
  A spectral titan (Tar:3)
  6 deep elf annihilators
  5 spark wasps
  2 halazid warlocks (Desolation)
  13 wendigos
  2 iron golems (Hell)
  10 green deaths
  13 eidola
  6 blizzard demons
  19 ettins
  12 fire dragons
  A quicksilver dragon zombie (Vaults:1)
  6 crystal guardians
  16 deep elf death magi
  A fire dragon (shapeshifter) (Vaults:5)
  8 jiangshi
  A spectral iron giant (Tar:7)
  5 merfolk impalers
  4 ragged hierophants (Desolation)
  A spectral fenstrider witch (Tar:2)
  3 merfolk javelineers (Shoals:4)
  2 deep elf high priests
  A spectral spriggan (Tar:7)
  8 yaktaur captains
  A shambling mangrove (Abyss:4)
  3 spriggan zombies
  6 great orbs of eyes
  5 entropy weavers
  10 ice dragons
  4 servants of whispers (Desolation)
  An ice dragon (shapeshifter) (Vaults:5)
  28 vault guards
  7 rakshasas
  12 caustic shrike simulacra
  3 hell beasts
  2 salamander tyrants
  A ghost crab (Abyss:4)
  7 radroaches
  A catoblepas (Shoals:2)
  4 juggernaut simulacra
  6 hydras
  7 spriggan air magi
  11 peacekeepers
  7 merfolk aquamancers
  Erica (D:11)
  A demonspawn (Orc:2)
  5 merfolk avatars
  2 stokers (Geh:5)
  5 boulder beetles
  An anaconda (Lair:4)
  6 jorogumos
  7 two-headed ogres
  18 centaur warriors
  3 death knights
  28 dancing weapons
  13 ironbound frosthearts
  2 satyrs
  A two-headed ogre (shapeshifter) (Depths:2)
  5 tengu warriors
  2 spriggan skeletons (Pan)
  15 death yaks
  9 orc high priests
  7 vampire magi
  4 spriggan berserkers
  An azure jelly zombie (Crypt:2)
  23 hell hogs
  Urug (Lair:2)
  2 deep troll shamans
  6 thrashing horrors
  A spectral naga (Tar:2)
  A quicksilver ooze zombie (Crypt:3)
  Nergalle (Lair:1)
  2 spectral dire elephants
  37 sun demons
  11 hell knights
  4 wretched stars
  10 deep troll earth magi
  22 deep elf knights
  14 soul eaters
  A salamander mystic (Depths:4)
  9 sixfirhies
  7 iron trolls
  22 shadow wraiths
  3 skysharks
  Amaemon (D:8)
  A bunyip zombie (Crypt:3)
  3 spectral anacondas
  5 sun moths
  7 pharaoh ants
  A spectral bunyip (Tar:2)
  A titan skeleton (Pan)
  4 quicksilver dragon simulacra
  34 deep trolls
  31 skeletal warriors
  4 shadow demons (Pan)
  8 flayed ghosts
  A glowing orange brain (shapeshifter) (D:14)
  7 sea snakes
  17 orb spiders
  19 deep elf archers
  4 glowing orange brains
  An iron giant skeleton (Pan)
  A spectral hydra (Tar:2)
  11 phantasmal warriors
  7 lindwurms
  23 large abominations
  A shadow dragon zombie (Vaults:1)
  6 bog bodies
  2 steelbarb worms
  2 fenstrider witch simulacra
  12 wizards
  2 shadow dragon skeletons (Crypt:1)
  28 deep elf zephyrmancers
  16 necromancers
  13 starcursed masses
  3 anaconda skeletons (Pan)
  33 harpies
  23 wolf spiders
  19 ironbound convokers
  31 deep elf pyromancers
  7 orc sorcerers
  3 salamanders (Depths:4)
  2 oklob plants
  39 ugly things
  A fire giant zombie (Vaults:1)
  2 shining eyes (Slime:5)
  2 spectral ettins (Tar:2)
  5 fauns
  9 orc knights
  20 manticores
  6 cyclopes
  34 moths of wrath
  A spectral centaur (Tar:2)
  11 black mambas
  A spectral alligator snapping turtle (Tar:2)
  11 elephants
  A stone giant skeleton (Crypt:3)
  6 titan simulacra
  18 vault sentinels
  7 rust devils
  4 ice statues
  7 molten gargoyles
  20 demonic crawlers
  6 merfolk sirens
  An alligator snapping turtle zombie (Hell)
  6 water nymphs
  28 smoke demons
  11 torpor snails
  17 orange demons
  4 guardian serpents
  3 apocalypse crabs (Abyss:4)
  6 unseen horrors
  An eye of devastation (Slime:4)
  3 gargoyles
  16 cane toads
  A black draconian zombie (Crypt:2)
  10 komodo dragons
  A minotaur zombie (Crypt:1)
  2 kobold demonologists
  2 rime drakes
  12 yaktaurs
  27 freezing wraiths
  12 hellions
  15 ice devils
  An alligator snapping turtle skeleton (Pan)
  5 efreet
  2 golden dragon simulacra
  17 tormentors
  2 anaconda simulacra
  4 ancient zymes
  3 tengu conjurers
  3 harpy zombies
  3 spectral harpies
  3 red devils
  4 silent spectres
  A ghost moth simulacrum (Zot:1)
  A merfolk (shapeshifter) (Vaults:5)
  6 iron giant simulacra
  3 meliai (Spider:1)
  5 wind drakes
  A catoblepas skeleton (Crypt:1)
  7 trolls
  16 hellwings
  A shadow dragon simulacrum (Zot:1)
  40 merfolk
  A queen bee (Spider:4)
  10 snapping turtles
  3 tyrant leeches (Lair:5)
  16 hornets
  36 tarantellas
  3 blink frogs (Lair:4)
  2 harpy skeletons
  47 saltlings (Desolation)
  An iron dragon simulacrum (Coc:7)
  A dream sheep (shapeshifter) (Depths:2)
  A stone giant simulacrum (Coc:2)
  Prince Ribbit (D:6)
  4 dream sheep (Lair:3)
  5 raiju
  25 jumping spiders
  3 spriggans (Depths:2)
  11 dire elephant simulacra
  127 slime creatures
  26 yaks
  15 flying skulls
  3 shadows
  An ettin skeleton (Vaults:1)
  A culicivora (shapeshifter) (Vaults:5)
  15 ynoxinuls
  5 air elementals
  A yak (shapeshifter) (Vaults:5)
  21 culicivoras
  13 wyverns
  24 water elementals
  A fire dragon skeleton (Crypt:1)
  2 vampires
  An orc simulacrum (Crypt:3)
  4 basilisks
  10 wraiths
  8 fire elementals
  2 fire bats (Abyss:3)
  3 golden eyes (Slime:4)
  10 chaos spawn
  A yellow draconian simulacrum (Zot:1)
  60 redbacks
  Menkaure (D:4)
  4 steam dragons
  12 vampire mosquitoes
  18 neqoxecs
  A faun zombie (Crypt:2)
  19 harpy simulacra
  6 death yak simulacra (IceCv)
  3 wargs (Orc:1)
  A water nymph zombie (Crypt:2)
  4 hydra simulacra
  3 acid dragons
  3 two-headed ogre zombies (D:11)
  A moth of wrath simulacrum (Zot:1)
  10 hell hounds
  Duvessa (D:6)
  An entropy weaver zombie (Crypt:1)
  A merfolk zombie (Crypt:1)
  23 water moccasins
  9 small abominations
  37 orc warriors
  An ice beast (D:7)
  7 ogres
  4 ettin simulacra
  15 wolves
  17 centaurs
  5 elf zombies
  2 phantoms
  A dream sheep skeleton (Crypt:2)
  2 kobold brigands (D:9)
  A rime drake skeleton (Crypt:2)
  11 bullfrogs
  3 earth elementals
  A scorpion (shapeshifter) (Vaults:5)
  3 scorpions
  3 elf skeletons (D:6)
  A two-headed ogre simulacrum (IceCv)
  5 cane toad simulacra (IceCv)
  A gnoll sergeant (D:9)
  A water moccasin skeleton (Crypt:3)
  14 wights
  Dowan (D:6)
  A troll zombie (D:11)
  3 elephant simulacra (IceCv)
  2 killer bees (D:10)
  3 howler monkeys (D:7)
  6 electric eels (D:10)
  A wolf zombie (Crypt:3)
  A crimson imp (Spider:3)
  5 centaur zombies
  2 quasits (Abyss:3)
  6 hounds
  A human zombie (Ossuary)
  23 orc priests
  2 gnoll boudas
  A jelly (D:6)
  2 centaur skeletons
  4 iguanas
  2 boggart zombies
  24 orc wizards
  13 hell rats
  2 polar bear simulacra (IceCv)
  5 spriggan simulacra
  2 troll simulacra (IceCv)
  A killer bee zombie (Crypt:3)
  4 wolf simulacra (IceCv)
  4 ogre zombies (D:11)
  2 mummies (Ossuary)
  7 gnolls
  8 adders
  5 naga simulacra
  A shadow imp (D:5)
  5 white imps
  2 ufetubi
  An adder zombie (Ossuary)
  2 worms (D:3)
  3 dart slugs (D:2)
  68 orcs
  2 endoplasms (D:3)
  3 giant cockroaches
  6 goblins
  4 hobgoblins
  2 jackals (D:4)
  13 kobolds
  2 quokkas
  8 ball pythons
  4 bats
  3 frilled lizards
  A goblin skeleton (D:11)
  7 goblin zombies
  12 hobgoblin zombies
  A jackal skeleton (Crypt:2)
  11 kobold zombies
  3 orc skeletons
  21 orc zombies
  A quokka skeleton (Crypt:2)
  3 rats (D:3)
  A rat zombie (Ossuary)
  6 fire vortices
  A starspawn tentacle (Abyss:3)
  2 tentacles (Abyss:4)
3495 creatures vanquished.

Vanquished Creatures (collateral kills)
  A Tzitzimitl (Tar:7)
  A draconian monk (Zot:5)
  An azure jelly (Slime:5)
  A spriggan defender (Depths:3)
  A green draconian (Zot:5)
  A purple draconian (Zot:5)
  2 red draconians (Zot:5)
  A white draconian (Zot:5)
  2 eidola (Tar:7)
  A shadow wraith (Tar:7)
  A moth of wrath (Zot:3)
  A torpor snail (Lair:5)
  3 merfolk (Shoals:2)
  A redback (Spider:4)
18 creatures vanquished.

Vanquished Creatures (others)
  A Tzitzimitl (Tar:7)
  A death cob (Zot:3)
  A tentacled starspawn (Abyss:3)
  An azure jelly (Coc:7)
  A fire giant (Depths:2)
  2 shard shrike simulacra
  A draconian stormcaller (Zot:1)
  A black draconian (Zot:1)
  A deep elf high priest (Elf:3)
  A caustic shrike simulacrum (Coc:5)
  A rakshasa (Pan)
  A hell beast (Depths:1)
  A centaur warrior (D:13)
  A deep elf knight (Elf:3)
  2 glowing orange brains (Pan)
  A deep elf zephyrmancer (Elf:2)
  A spriggan simulacrum (Coc:5)
  2 deep elf pyromancers
  A necromancer (D:15)
  A manticore (Shoals:4)
  A smoke demon (Pan)
  A tarantella (Spider:1)
  2 culicivoras
  A naga simulacrum (Coc:7)
  A redback (Spider:4)
  A harpy simulacrum (Coc:7)
  A centaur (D:15)
  A killer bee (D:10)
  3 hell rats (Hell)
  A white imp (D:7)
  8 starspawn tentacles
  21 tentacles
65 creatures vanquished.

Grand Total: 3578 creatures vanquished

Notes
Turn   | Place    | Note
-------+----------+-------------------------------------------
     0 | D:1      | Nonny the Merfolk Gladiator began the quest for the Orb.
     0 | D:1      | Reached XP level 1. HP: 16/16 MP: 1/1
    34 | D:1      | Found a faded altar of an unknown god.
   238 | D:1      | Reached skill level 1 in Stealth
   238 | D:1      | Reached XP level 2. HP: 22/22 MP: 2/2
   524 | D:1      | Boots in southwest quadrant
  1029 | D:2      | Reached XP level 3. HP: 27/27 MP: 3/3
  1492 | D:3      | Noticed a bullfrog
  1500 | D:3      | Killed a bullfrog
  1501 | D:3      | Reached skill level 5 in Long Blades
  1501 | D:3      | Reached XP level 4. HP: 33/33 MP: 4/4
  1954 | D:3      | Reached XP level 5. HP: 38/38 MP: 5/5
  2075 | D:3      | Reached skill level 5 in Dodging
  2256 | D:3      | Found a blossoming altar of Fedhas.
  2477 | D:4      | Reached XP level 6. HP: 38/44 MP: 6/6
  2631 | D:4      | Found a shadowy altar of Dithmenos.
  2657 | D:4      | Noticed Menkaure
  2662 | D:4      | Became a worshipper of Dithmenos the Shadowed
  2679 | D:4      | Killed Menkaure
  2830 | D:4      | Reached XP level 7. HP: 47/50 MP: 7/7
  2841 | D:4      | Found a glowing golden altar of the Shining One.
  3126 | D:5      | Entered Level 5 of the Dungeon
  3404 | D:5      | +2 scale mail of cold resistance in northeast
  3536 | D:5      | Reached skill level 5 in Stealth
  3573 | D:5      | Reached XP level 8. HP: 56/56 MP: 8/8
  3809 | D:5      | Found a staircase to the Ecumenical Temple.
  3817 | D:5      | Temple is at center of floor, accessed from its west.
                  | Temple entrance: lava pier
  3820 | Temple   | Entered the Ecumenical Temple
  3821 | Temple   | Temple: Gem with dark blue center.
  3943 | D:6      | Found a shimmering altar of Xom.
  3948 | D:6      | Found a snail-covered altar of Cheibriados.
  3953 | D:6      | Found a basalt altar of Yredelemnul.
  4022 | D:6      | Noticed Prince Ribbit
  4070 | D:6      | Killed Prince Ribbit
  4172 | D:6      | Found a sand-covered staircase.
  4260 | D:6      | Ossuary in west.
  4261 | Ossuary  | Entered an ossuary
  4271 | Ossuary  | Reached * piety under Dithmenos
  4381 | Ossuary  | Reached ** piety under Dithmenos
  4435 | Ossuary  | Reached skill level 10 in Long Blades
  4637 | Ossuary  | Reached XP level 9. HP: 58/65 MP: 9/9
  4972 | D:6      | Noticed Duvessa
  4972 | D:6      | Noticed Dowan
  5528 | D:6      | Found a hide-covered altar of Uskayaw.
  5528 | D:6      | Found a sacrificial altar of Ru.
  5534 | D:6      | Found a stormy altar of Qazlal.
  5536 | D:6      | Found a hazy altar of Hepliaklqana.
  5537 | D:6      | Found a faded altar of an unknown god.
  5794 | D:7      | Reached skill level 1 in Armour
  5801 | D:7      | Identified the +1 robe of Tausac {Int+4}
  6373 | D:7      | Reached skill level 5 in Fighting
  6376 | D:7      | Reached *** piety under Dithmenos
  6474 | D:7      | gloves in northeast
  6660 | D:7      | Noticed a kobold demonologist
  6683 | D:7      | Reached XP level 10. HP: 68/74 MP: 10/10
  6691 | D:7      | Killed a kobold demonologist
  6743 | D:7      | Noticed a deep elf pyromancer
  6974 | D:7      | Killed a deep elf pyromancer
  7195 | D:7      | HP: 3/77 [komodo dragon (26)]
  7422 | D:7      | Noticed a manticore
  7431 | D:7      | Killed a manticore
  7568 | D:7      | Found a glowing silver altar of Zin.
  7687 | D:7      | scarf of resistance in southeast
  8095 | D:8      | Cool tree vault.
  8210 | D:8      | Noticed Amaemon
  8397 | D:8      | Noticed an orange demon
  8537 | D:7      | Killed an orange demon
  8538 | D:7      | Reached skill level 5 in Throwing
  9210 | D:8      | Killed Amaemon
  9211 | D:8      | Reached XP level 11. HP: 86/86 MP: 11/11
  9724 | D:9      | Reached skill level 1 in Evocations
  9786 | D:9      | Noticed a two-headed ogre
  9825 | D:9      | Killed a two-headed ogre
  9900 | D:9      | You fall into a shaft and drop 2 floors!
  9960 | D:11     | Noticed a cyan ugly thing
  9979 | D:11     | Killed a cyan ugly thing
  9979 | D:11     | Reached **** piety under Dithmenos
 10038 | D:11     | Noticed Erica
 10068 | D:11     | Killed Erica
 10204 | D:11     | Noticed a manticore
 10237 | D:11     | Killed a manticore
 10323 | D:11     | Identified a scroll of acquirement
 10329 | D:11     | Scroll of acquirement in the north of this floor.
 10329 | D:11     | Acquired 809 gold pieces
 10350 | D:11     | Found Hury's Antique Weapon Shoppe.
 10718 | D:11     | Noticed a two-headed ogre
 10787 | D:11     | Killed a two-headed ogre
 10935 | D:11     | Noticed a two-headed ogre
 10985 | D:11     | Killed a two-headed ogre
 11049 | D:11     | Noticed a manticore
 11058 | D:11     | Killed a manticore
 11059 | D:11     | Reached skill level 10 in Fighting
 11326 | D:11     | Reached skill level 10 in Dodging
 11326 | D:11     | Reached XP level 12. HP: 98/98 MP: 12/12
 11436 | D:11     | Found a staircase to the Orcish Mines.
 11444 | D:11     | Orcish Mines entrance in west. Contains lots of zombies in
                  | the area!
 11516 | D:11     | Reached ***** piety under Dithmenos
 11783 | D:10     | Entered Level 10 of the Dungeon
 12181 | D:10     | electric eel pool
 12337 | D:10     | Reached skill level 1 in Invocations
 12371 | D:10     | Identified the +9 trident of Responsibility {holy, rElec}
 12382 | D:10     | Found a white marble altar of Elyvilon.
 12541 | D:10     | Found a staircase to the Lair.
 12546 | D:10     | Lair entrance in southwest; komodo dragon vault with all
                  | the plants. Gargoyle in hallway to the north.
 13523 | D:6      | Killed Dowan
 13525 | D:6      | Killed Duvessa
 13674 | Lair:1   | Entered Level 1 of the Lair of Beasts
 13747 | Lair:1   | Noticed a death yak
 13747 | Lair:1   | Noticed a death yak
 13854 | Lair:1   | Noticed Nergalle
 13864 | Lair:1   | Killed Nergalle
 13917 | Lair:1   | Noticed a death yak
 14233 | Lair:1   | Noticed a death yak
 14377 | Lair:1   | Noticed a death yak
 14569 | Lair:2   | Noticed a skyshark
 14580 | Lair:2   | Killed a skyshark
 14670 | Lair:2   | Found a frozen archway.
 14702 | Lair:2   | Ice cave in northeast area. Inside the vault are two ice
                  | devils; they're not too easy.
 14797 | IceCv    | Entered an ice cave
 14858 | IceCv    | HP: 1/102 [freezing wraith (7)]
 15704 | IceCv    | Found an ancient bone altar of Kikubaaqudgha.
 15746 | IceCv    | Reached skill level 1 in Shields
 15819 | IceCv    | Reached XP level 13. HP: 100/109 MP: 15/15
 16641 | IceCv    | Identified the ring of the Sixty-Six Knives {rN+ MP+9}
 17292 | Lair:2   | Found a staircase to the Shoals.
 17486 | Lair:2   | Noticed Urug
 17496 | Lair:2   | Killed Urug
 18514 | Lair:1   | Reached skill level 5 in Shields
 19391 | Lair:3   | Reached XP level 14. HP: 121/121 MP: 16/16
 19554 | Lair:3   | scroll of acquirement in northeast, close to center of
                  | floor.
 19562 | Lair:3   | Acquired the ring of Niprew {+Blink rPois rF+}
 19583 | Lair:3   | Found a hole to the Spider Nest.
 20120 | Lair:4   | Reached ****** piety under Dithmenos
 20491 | Lair:4   | Reached skill level 15 in Fighting
 21250 | Lair:4   | Found a staircase to the Slime Pits.
 21521 | Lair:5   | Entered Level 5 of the Lair of Beasts
 23044 | Lair:5   | Found a runed translucent door.
 23426 | Lair:5   | Reached skill level 10 in Stealth
 23729 | Lair:5   | Reached XP level 15. HP: 101/132 MP: 17/17
 23815 | Lair:5   | Reached skill level 10 in Throwing
 24879 | Lair:5   | Identified the staff of conjuration "Noebik" {Drain Dex+4
                  | SInv}
 25209 | Orc:1    | Entered Level 1 of the Orcish Mines
 25467 | Orc:1    | Found a shimmering blue altar of Sif Muna.
 25949 | Orc:2    | Entered Level 2 of the Orcish Mines
 25953 | Orc:2    | Noticed an orc warlord
 25964 | Orc:2    | Killed an orc warlord
 26127 | Orc:2    | Found a staircase to the Elven Halls.
 26492 | Orc:2    | Found Wut Qymi's General Store.
 26734 | Orc:2    | Found Bog Noof's General Store.
 26737 | Orc:2    | Found Ynyxkiv's General Store.
 27554 | Orc:2    | Bought a phantom mirror for 440 gold pieces
 27554 | Orc:2    | Bought 2 potions of curing for 66 gold pieces
 27554 | Orc:2    | Bought a potion of curing for 33 gold pieces
 27554 | Orc:2    | Bought 4 datura-tipped darts for 39 gold pieces
 27554 | Orc:2    | Bought 6 poisoned darts for 39 gold pieces
 27556 | Orc:2    | Bought 2 potions of resistance for 320 gold pieces
 27556 | Orc:2    | Bought 5 silver boomerangs for 480 gold pieces
 27817 | Orc:2    | Reached skill level 15 in Dodging
 27948 | Orc:2    | Found Ufoiv's Antique Weapon Boutique.
 27948 | Orc:2    | Found Zoaqaihed's Jewellery Shop.
 27949 | Orc:2    | Found a one-way gate leading to the halls of Pandemonium.
 28209 | Shoals:1 | Entered Level 1 of the Shoals
 28209 | Shoals:1 | Found Fusu Fye's Magic Scroll Boutique.
 28282 | Shoals:1 | Found Apewk's Antique Weapon Emporium.
 29204 | Shoals:1 | Reached XP level 16. HP: 108/145 MP: 18/18
 29310 | Shoals:1 | You fall into a shaft and drop 1 floor!
 30143 | Shoals:2 | Noticed Polyphemus
 30288 | Shoals:2 | Killed Polyphemus
 30844 | Shoals:1 | Found Sicox's Book Boutique.
 30868 | Shoals:1 | Reached skill level 5 in Evocations
 30928 | Shoals:1 | Bought a manual of Stealth for 1200 gold pieces
 32996 | Shoals:4 | Entered Level 4 of the Shoals
 33102 | Shoals:4 | Noticed Mara
 33462 | D:12     | Noticed Azrael
 33497 | D:12     | Killed Azrael
 33544 | D:12     | Identified the +0 spear of Animal Spirits {heavy, Str+8}
 33701 | D:12     | scroll of acquirement in east
 33701 | D:12     | Acquired a manual of Shields
 34084 | D:13     | Found Gozag's Platinum Reserve.
 34084 | D:13     | Found an opulent altar of Gozag.
 34118 | D:13     | Found Argus's Dragon-Slaying Spoils.
 34497 | D:13     | Efreet with +4 scimitar of flaming.
 34633 | D:13     | Found a gate to the Vaults.
 34705 | D:13     | Reached XP level 17. HP: 154/154 MP: 19/19
 35727 | D:14     | Pleasant park vault. :)
 35987 | D:15     | Entered Level 15 of the Dungeon
 36121 | D:15     | Noticed Jorgrun
 36163 | D:15     | Killed Jorgrun
 36363 | D:15     | Found a staircase to the Depths.
 36716 | D:15     | Reached skill level 15 in Stealth
 37358 | Orc:2    | Bought a ring of see invisible for 225 gold pieces
 37620 | Spider:1 | Entered Level 1 of the Spider Nest
 39040 | Spider:2 | Identified the +6 longbow of the Imperium {heavy, Dex+2}
 39563 | Spider:2 | Reached XP level 18. HP: 159/164 MP: 20/20
 41010 | Spider:3 | Demonic crawler vault in southeast. Includes crimson imp!
 41331 | Spider:4 | Entered Level 4 of the Spider Nest
 42597 | Spider:4 | Noticed Arachne
 42972 | Spider:4 | Killed Arachne
 43141 | Spider:4 | Identified the +1 hat "Poacs" {Contam Str+5}
 43174 | Spider:4 | Reached XP level 19. HP: 155/174 MP: 2/21
 43449 | Spider:4 | Noticed Kirke
 43461 | Spider:4 | Killed Kirke
 43575 | Spider:4 | Got a gossamer rune of Zot
 44015 | Vaults:1 | Entered Level 1 of the Vaults
 45033 | Vaults:1 | Identified the +0 helmet "Zuumn" {Dex+4}
 45764 | Vaults:2 | Found a crumbling gateway.
 45766 | Vaults:2 | Desolation entrance in west.
 45783 | Desolati | Entered the Desolation of Salt
 45833 | Desolati | Identified the +2 cloak of the Vacuum {rC++ Will+}
 45854 | Desolati | Identified the +6 eveningstar of Tif Seja {flame, Dex+2}
 45918 | Desolati | Identified the staff of conjuration "Woesas" {Drain Str+6}
 45920 | Desolati | Got the Anthology of Inconstant Exhalation
 46571 | Desolati | Identified the ring of the Screaming Saviour {rPois Dex+6}
 46634 | Desolati | Identified the +5 chain mail of Kynwashi {Fly rElec rC++
                  | Will-}
 46637 | Desolati | phial of floods :)
 46731 | Desolati | Reached XP level 20. HP: 184/184 MP: 22/22
 46868 | Desolati | Got Sif Muna's Octavo of Assembled Space
 47004 | Desolati | Easiest Desolation of Salt experience ever.
 47363 | Vaults:2 | Found a staircase to the Crypt.
 47709 | Vaults:2 | Reached skill level 10 in Shields
 48042 | Vaults:2 | Found Oxakihui's Antique Armour Shoppe.
 48046 | Vaults:2 | Bought a warped ring mail for 297 gold pieces
 48046 | Vaults:2 | Identified the +3 ring mail "Leyth" {rC+ Int+4 Dex-2} (You
                  | bought it in a shop on level 2 of the Vaults)
 48417 | Vaults:3 | You fall into a shaft and drop 1 floor!
 48485 | Vaults:4 | 'Z' or 'N' shaped vault
 49020 | Vaults:3 | Found Lalatora's Book Boutique.
 49602 | Vaults:3 | Noticed Nikola
 49720 | Vaults:3 | Reached XP level 21. HP: 193/193 MP: 23/23
 49988 | Vaults:3 | Killed Nikola
 50504 | Vaults:4 | Found Denen's Magic Scroll Shoppe.
 50510 | Vaults:4 | Bought a scroll of teleportation for 36 gold pieces
 50510 | Vaults:4 | Bought a scroll of teleportation for 36 gold pieces
 50510 | Vaults:4 | Bought a scroll of enchant weapon for 90 gold pieces
 50510 | Vaults:4 | Bought a scroll of enchant armour for 90 gold pieces
 51615 | Shoals:4 | Identified the +6 glaive "Yqiviy" {heavy, rElec rF+ SInv}
 51678 | Shoals:4 | Noticed Ilsuiw
 51680 | Shoals:4 | Acquired a manual of Evocations
 51682 | Shoals:4 | scroll of acquirement in east
 51751 | Shoals:4 | Killed Ilsuiw
 51852 | Shoals:4 | Found Zanenito's Armour Shop.
 51948 | Shoals:4 | Acquired a manual of Shields
 51966 | Shoals:4 | second scroll of acquirement was in north-center btw
 52216 | Shoals:4 | Got a barnacled rune of Zot
 52217 | Shoals:4 | rune in western north-ish chamber
 52312 | Shoals:4 | Noticed Nonny's illusion
 52324 | Shoals:4 | Killed Mara
 52325 | Shoals:4 | Reached skill level 15 in Shields
 52758 | Shoals:4 | Identified the staff of air "Isioguus" {rElec rF+ rC+
                  | Will+}
 52793 | Shoals:4 | Identified the staff of earth "Plog" {rN++ Will+ rCorr}
 53222 | Depths:1 | Entered Level 1 of the Depths
 53613 | Depths:1 | Reached XP level 22. HP: 176/202 MP: 24/24
 53729 | Depths:1 | Found a gateway to Hell.
 53848 | Depths:1 | Found a one-way gate to the infinite horrors of the Abyss.
 53946 | Depths:1 | Watery Hell vault west of entrance, Abyss entrance alone in
                  | west, swampy area for southeast quadrant; layout consists
                  | of large open hallways surrounding a rough square.
 54817 | Depths:3 | Found a transporter.
 54819 | Depths:3 | Found a transporter.
 54903 | Depths:3 | Identified the +8 battleaxe "Puihet" {holy, Str+2}
 55207 | Depths:3 | Identified the ring "Jumaedd" {rF+ rC+ Int+4 Dex+6}
 55339 | Depths:3 | Noticed a juggernaut
 55353 | Depths:3 | Killed a juggernaut
 55372 | Depths:3 | Reached skill level 15 in Long Blades
 55638 | Depths:3 | Found a bloodstained altar of Trog.
 55646 | Depths:3 | Noticed Barug's ghost (adept TrMo)
 55649 | Depths:3 | Noticed a juggernaut
 55770 | Depths:4 | Entered Level 4 of the Depths
 55856 | Depths:4 | Reached skill level 5 in Armour
 55879 | Depths:4 | Found a blossoming altar of Fedhas.
 56067 | Depths:4 | Found a one-way gateway to a ziggurat.
 56108 | Depths:4 | Hell knight + necromancer jamboree in east. Beware of
                  | flayed ghost, too
 56234 | Depths:2 | Found a large runed translucent door.
 56235 | Depths:2 | Found a large runed translucent door.
 56238 | Depths:2 | Found a large runed translucent door.
 56239 | Depths:2 | Found a large runed translucent door.
 56239 | Depths:2 | Found a large runed translucent door.
 56239 | Depths:2 | Found a large runed translucent door.
 56243 | Depths:2 | Found a large runed translucent door.
 56243 | Depths:2 | Found a large runed translucent door.
 56330 | Depths:2 | Reached XP level 23. HP: 168/209 MP: 25/25
 56652 | Depths:2 | Identified the +0 plate armour of Inleefowi {Rampage
                  | Stlth+}
 56653 | Depths:2 | Identified the +0 flail "Enaen" {vamp, rPois}
 58078 | Slime:1  | Entered Level 1 of the Pits of Slime
 58110 | Lair:4   | Reached skill level 15 in Throwing
 59524 | Slime:5  | Entered Level 5 of the Pits of Slime
 59545 | Slime:5  | Gained mutation: You sometimes lose your temper in combat.
                  | [a shining eye]
 60232 | Slime:5  | Noticed the Royal Jelly
 60286 | Slime:5  | Found a viscous altar of Jiyva.
 60431 | Slime:5  | Killed the Royal Jelly
 60500 | Slime:5  | Identified the ring "Renliarr" {rPois Will+ Int-5 SInv}
 60505 | Slime:5  | manual of short blades
 60506 | Slime:5  | Got a slimy rune of Zot
 60555 | Slime:5  | Identified the amulet "Xij Bic" {Regen+ Str-3 Int+3 Dex+4}
 60585 | Slime:5  | Identified the ring "Egux" {rPois rC+}
 60592 | Slime:5  | Identified the +9 dagger "Lasium" {vamp, Fly rElec Int+3
                  | SInv}
 60594 | Slime:5  | Got the Catalogue of Luminous Doom
 60620 | Slime:5  | Got Sif Muna's Handbook of the Spider and Austromancy
 60701 | Slime:5  | Reached XP level 24. HP: 217/217 MP: 25/25
 61170 | Vaults:5 | Entered Level 5 of the Vaults
 61181 | Vaults:5 | Lich IN THE ABSOLUTE NORTHWEST CORNER.
 61227 | Vaults:5 | Lost mutation: You sometimes lose your temper in combat.
                  | [potion of mutation]
 61227 | Vaults:5 | Gained mutation: You passively map a small area around you.
                  | [potion of mutation]
 61227 | Vaults:5 | Gained mutation: Your magical capacity is low. (-10% MP)
                  | [potion of mutation]
 61227 | Vaults:5 | Gained mutation: You occasionally lose the ability to read
                  | scrolls when taking damage. [potion of mutation]
 61227 | Vaults:5 | Gained mutation: You passively map the area around you.
                  | [potion of mutation]
 61460 | Vaults:5 | Identified the +5 scimitar "Neipeonn" {holy, rElec rF+}
 61730 | Vaults:5 | Noticed a dread lich
 61737 | Vaults:5 | Killed a dread lich
 62027 | Vaults:5 | Found Tuthriergh's Distillery.
 62036 | Vaults:5 | Identified the staff of poison "Tutt" {Fly rElec rPois rF-}
 62084 | Vaults:5 | Bought a potion of curing for 60 gold pieces
 62084 | Vaults:5 | Bought a potion of curing for 60 gold pieces
 62084 | Vaults:5 | Bought a potion of curing for 60 gold pieces
 62145 | Vaults:5 | Identified the +9 sling "Jirod" {freeze, rC+ Str+3 Int-4
                  | Dex+5}
 62145 | Vaults:5 | Identified the +4 scale mail "Xutee" {rF+ Str+2 Dex-4}
 62336 | Vaults:5 | Noticed a dread lich
 62477 | Vaults:4 | Killed a dread lich
 62623 | Vaults:5 | Got a silver rune of Zot
 62624 | Vaults:5 | silver rune in southeast quadran
 63067 | Vaults:5 | Identified the amulet of Pobudd {rF+ Regen+}
 63094 | Vaults:5 | Lost mutation: Your magical capacity is low. (-10% MP)
                  | [potion of mutation]
 63094 | Vaults:5 | Lost mutation: You occasionally lose the ability to read
                  | scrolls when taking damage. [potion of mutation]
 63094 | Vaults:5 | Gained mutation: You are partially covered in iridescent
                  | scales. (AC +2) [potion of mutation]
 63094 | Vaults:5 | Gained mutation: You are robust. (+10% HP) [potion of
                  | mutation]
 63446 | Hell     | Entered the Vestibule of Hell
 63446 | Hell     | Noticed Geryon
 63462 | Depths:1 | Reached skill level 10 in Evocations
 63706 | Depths:1 | Reached XP level 25. HP: 194/245 MP: 25/25
 63867 | Hell     | Killed Geryon
 64067 | Hell     | Found a gateway to the decaying netherworld of Tartarus.
 64189 | Hell     | Found a gateway to the ashen valley of Gehenna.
 64335 | Hell     | Found a gateway to the Iron City of Dis.
 64526 | Hell     | Found a gateway to the freezing wastes of Cocytus.
 64892 | Crypt:1  | Entered Level 1 of the Crypt
 64915 | Crypt:1  | Noticed Bai Suzhen
 64931 | Crypt:1  | Killed Bai Suzhen
 65216 | Crypt:1  | Noticed Saint Roka
 65245 | Crypt:1  | Killed Saint Roka
 66291 | Crypt:3  | Entered Level 3 of the Crypt
 66315 | Crypt:3  | Found a staircase to the Tomb.
 66969 | Crypt:3  | Reached XP level 26. HP: 254/254 MP: 25/25
 67145 | Crypt:3  | Found an ancient bone altar of Kikubaaqudgha.
 67148 | Crypt:3  | Found a basalt altar of Yredelemnul.
 67177 | Crypt:3  | Identified the staff of cold "Ufeeboox" {rElec rC+}
 67228 | Crypt:3  | Got Qekkoisi's Almanac of Mortification
 67232 | Crypt:3  | Identified the ring of Waadd {rPois rF+ rN+}
 67232 | Crypt:3  | Identified the ring "Ekuunka" {rElec rN+ rCorr}
 67438 | Crypt:2  | Found a runed translucent gate.
 67438 | Crypt:2  | Found a runed translucent gate.
 67438 | Crypt:2  | Found a runed translucent gate.
 67446 | Crypt:2  | Noticed Zoalos's ghost (veteran GrEE)
 68027 | Coc:1    | Entered Level 1 of Cocytus
 68303 | Coc:1    | Stairs west of entrance.
 68473 | Coc:2    | You fall into a shaft and drop 1 floor!
 68500 | Coc:3    | Noticed a shard shrike
 68524 | Coc:3    | Noticed a shard shrike
 68524 | Coc:3    | Noticed a shard shrike
 68532 | Coc:3    | Noticed a shard shrike
 68538 | Coc:3    | Killed a shard shrike
 68539 | Coc:3    | Killed a shard shrike
 68554 | Coc:3    | Killed a shard shrike
 68557 | Coc:3    | Killed a shard shrike
 68653 | Coc:3    | Noticed a shard shrike
 68653 | Coc:3    | Noticed a shard shrike
 68678 | Coc:3    | Killed a shard shrike
 68689 | Coc:3    | Killed a shard shrike
 68693 | Coc:3    | Noticed a shard shrike
 68694 | Coc:3    | Noticed a shard shrike
 68710 | Coc:3    | Killed a shard shrike
 68715 | Coc:3    | Killed a shard shrike
 68802 | Coc:3    | Stairs in center of floor, southwest of entrance.
 69599 | Coc:4    | Stairs are north of entrance, but this floor is very
                  | dangerous!
 69668 | Coc:5    | This floor contains curse skulls.
 69894 | Coc:5    | Paralysed by a wendigo for 1 turns
 70013 | Coc:5    | Stairs just northeast of entrance, but lots of enemies in
                  | the way.
 70028 | Coc:5    | Noticed a shard shrike
 70032 | Coc:5    | Noticed a shard shrike
 70034 | Coc:5    | Killed a shard shrike
 70045 | Coc:5    | Killed a shard shrike
 70065 | Coc:5    | Noticed a shard shrike
 70078 | Coc:5    | Killed a shard shrike
 70144 | Coc:6    | Noticed a shard shrike
 70147 | Coc:6    | Noticed a shard shrike
 70148 | Coc:6    | Noticed a shard shrike
 70168 | Coc:6    | Killed a shard shrike
 70172 | Coc:6    | Killed a shard shrike
 70258 | Coc:6    | Killed a shard shrike
 70345 | Coc:6    | Stairs in northwest.
 70346 | Coc:7    | Entered Level 7 of Cocytus
 70355 | Coc:7    | Noticed a shard shrike
 70355 | Coc:7    | Noticed a shard shrike
 70378 | Coc:7    | Noticed a shard shrike
 70379 | Coc:7    | Noticed a shard shrike
 70392 | Coc:7    | Killed a shard shrike
 70403 | Coc:7    | Killed a shard shrike
 70408 | Coc:7    | Reached XP level 27. HP: 261/261 MP: 25/25
 70469 | Coc:7    | Reached skill level 15 in Evocations
 71044 | Coc:7    | Paralysed by a wendigo for 1 turns
 71158 | Coc:7    | Noticed the Serpent of Hell
 71191 | Coc:7    | Killed the Serpent of Hell
 71762 | Coc:7    | Identified the +2 sling "Voppeck" {drain, Fly rF+}
 72473 | Coc:7    | Identified the amulet of Iliosest {Spirit rElec rF++ Str+3
                  | Dex-3}
 72520 | Coc:7    | I swear I saw an alarm trap here the last time.
 72883 | Coc:7    | Paralysed by a wendigo for 1 turns
 73804 | Coc:7    | Identified the +9 bardiche of the Seven Eyes {pain, rCorr
                  | Dex+3}
 73804 | Coc:7    | Noticed Antaeus
 73879 | Coc:7    | Killed Antaeus
 74056 | Coc:7    | Identified the +3 spear "Efiasune" {freeze, rCorr}
 74066 | Coc:7    | Got an icy rune of Zot
 74496 | Elf:1    | Entered Level 1 of the Elven Halls
 75275 | Elf:2    | Found a huge runed translucent gate.
 75275 | Elf:2    | Found a huge runed translucent gate.
 75275 | Elf:2    | Found a huge runed translucent gate.
 75305 | Elf:2    | Found a huge runed translucent gate.
 75307 | Elf:2    | Found a huge runed translucent gate.
 75544 | Elf:2    | Found Jehon's Magic Scroll Shoppe.
 75553 | Elf:2    | Bought a scroll of fear for 52 gold pieces
 75553 | Elf:2    | Bought a scroll of blinking for 97 gold pieces
 75553 | Elf:2    | Bought a scroll of teleportation for 39 gold pieces
 75553 | Elf:2    | Bought a scroll of teleportation for 39 gold pieces
 75553 | Elf:2    | Bought a scroll of teleportation for 39 gold pieces
 75619 | Elf:2    | Paralysed by an air elemental for 1 turns
 75635 | Elf:2    | Gained mutation: Your spells are a little easier to cast,
                  | but a little less powerful. [a neqoxec]
 75735 | Elf:3    | Entered Level 3 of the Elven Halls
 75927 | Elf:3    | Orcish idol? Wait, what?
 76534 | Elf:3    | Identified the +1 shortbow of Oxeivys {drain, rPois rF++
                  | Str+5}
 76592 | Elf:3    | Got Fidist's Discursus on Necromantic Rituals and Trauma
 76709 | Elf:3    | Found the +5 glaive of the Guard {elec, spectral, AC+5}
 76741 | Elf:3    | Acquired a manual of Invocations
 76746 | Elf:3    | Identified the +1 leather armour of Untold Secrets {Rampage
                  | Dex+3}
 76751 | Elf:3    | Got Wonel's Highest Levels of Hermetics
 76757 | Elf:3    | Identified the staff of air "Camowkut" {rElec rC+ Int+2}
 76759 | Elf:3    | Identified the +9 dagger "Worm" {vamp, Fly rC+ Int-5 Dex+2}
 76763 | Elf:3    | Identified the +0 robe "Yqiecsy" {Harm Archmagi}
 76767 | Elf:3    | Identified the +4 rapier "Zuoddaist" {antimagic, rPois
                  | rCorr Str+4 Int-4}
 76775 | Elf:3    | Identified the scarf of Qemuff {rC+ rF+, +Inv rElec Str+3
                  | Dex+4}
 76792 | Elf:3    | Identified the +11 quarterstaff "Umuom" {protect, rF+ rC+}
 77801 | Depths:4 | Found a gate to the Realm of Zot.
 78162 | Depths:4 | Found a hide-covered altar of Uskayaw.
 78388 | Zot:1    | Entered Level 1 of the Realm of Zot
 78389 | Zot:1    | icy - barnacled - silver
 78401 | Zot:1    | Identified the ring of Sif Muna's Grace {Ice rPois}
 78401 | Zot:1    | Noticed Josephina
 78431 | Zot:1    | Killed Josephina
 79246 | Zot:1    | Noticed an orb of fire
 79249 | Zot:1    | Found a transporter.
 79249 | Zot:1    | Found a transporter.
 79534 | Zot:1    | Found a transporter.
 80022 | Zot:2    | Found a transporter.
 80033 | Zot:2    | Found a transporter.
 80139 | Zot:2    | Oh hey. This vault is typically seen in the dungeon.
 80162 | Zot:2    | Noticed an orb of fire
 80169 | Zot:2    | Killed an orb of fire
 80182 | Zot:2    | Identified the +7 great sword "Picunt" {holy, rN+}
 80344 | Zot:2    | Identified the +7 war axe of Insomnia {heavy, rCorr Dex+3}
 80356 | Zot:2    | Found a transporter.
 80475 | Zot:2    | Found a transporter.
 80864 | Zot:3    | Reached skill level 27 in Long Blades
 81597 | Zot:3    | Noticed an orb of fire
 82547 | Zot:4    | Noticed Vv
 82554 | Zot:4    | Killed Vv
 82767 | Zot:4    | This floor was easy.
 82781 | Zot:5    | Entered Level 5 of the Realm of Zot
 83516 | Pan      | Entered Pandemonium
 83652 | Pan      | Noticed Tuak the pandemonium lord
 83681 | Pan      | Killed Tuak the pandemonium lord
 83787 | Pan      | Identified the +0 fire dragon scales of Sungiz {rF++ rC-
                  | Int+3 SInv}
 83947 | Pan      | Gained mutation: You possess an exceptional clarity of
                  | mind. [a cacodemon]
 83998 | Pan      | Found a huge runed translucent gate.
 84040 | Pan      | Found a huge runed translucent gate.
 84041 | Pan      | Found a huge runed translucent gate.
 84041 | Pan      | Found a huge runed translucent gate.
 84041 | Pan      | Found a huge runed translucent gate.
 84041 | Pan      | Found a huge runed translucent gate.
 84046 | Pan      | Found a huge runed translucent gate.
 84216 | Pan      | Noticed Iguixzon the pandemonium lord
 84225 | Pan      | Killed Iguixzon the pandemonium lord
 84307 | Pan      | Reached skill level 27 in Shields
 84680 | Pan      | Entered the realm of Lom Lobon.
 85283 | Pan      | Noticed Lom Lobon
 85300 | Pan      | Killed Lom Lobon
 85315 | Pan      | Got a magical rune of Zot
 85606 | Pan      | Noticed Luegeir the pandemonium lord
 85643 | Pan      | Killed Luegeir the pandemonium lord
 85796 | Pan      | Gained mutation: Your magical capacity is low. (-10% MP) [a
                  | neqoxec]
 85843 | Pan      | Found a runed translucent door.
 85896 | Pan      | Got a demonic rune of Zot
 85910 | Pan      | Entered the realm of Gloorx Vloq.
 86144 | Pan      | Found an exit through the horrors of the Abyss.
 86804 | Pan      | Noticed Gloorx Vloq
 87058 | Pan      | Killed Gloorx Vloq
 87126 | Pan      | Got a dark rune of Zot
 87350 | Pan      | Found a runed translucent door.
 87442 | Pan      | Entered the realm of Cerebov.
 87462 | Pan      | Identified the +7 halberd of Satyriasis {flame, rElec}
 87507 | Pan      | Identified the ring of Midnight {+Blink rPois Will+}
 87671 | Pan      | Identified the +2 buckler of Hedonism {Str-3 Dex+2 Slay+2}
 87674 | Pan      | Identified the +4 war axe of Equilibrium {heavy, rPois
                  | Str+3 Int-2}
 87703 | Pan      | Identified the +6 long sword "Qyjonav" {freeze, rCorr
                  | Int+4}
 87708 | Pan      | Identified the ring "Fuim" {*Slow rF+ rCorr Str+4 SInv}
 87723 | Pan      | Identified the +5 eveningstar "Ujusoler" {flame, Fly Int+2}
 87734 | Pan      | Identified the +2 robe "Pablar" {rF+ Stlth+}
 87759 | Pan      | Identified the +1 leather armour "Toxuplat" {Str+4 Int+5
                  | Stlth+}
 87760 | Pan      | Identified the +0 ring mail "Efukuod" {rElec Int+4 Stlth-}
 87767 | Pan      | Found the +6 sword of Cerebov {flame}
 87767 | Pan      | Noticed Cerebov
 87801 | Pan      | Killed Cerebov
 87802 | Pan      | Reached skill level 27 in Dodging
 87822 | Pan      | Got a fiery rune of Zot
 87970 | Pan      | Entered the realm of Mnoleg.
 87977 | Pan      | Gained mutation: You are occasionally teleported next to
                  | monsters. [a neqoxec]
 87981 | Pan      | Lost mutation: You are partially covered in iridescent
                  | scales. (AC +2) [potion of mutation]
 87981 | Pan      | Lost mutation: Your spells are a little easier to cast, but
                  | a little less powerful. [potion of mutation]
 87981 | Pan      | Lost mutation: Your magical capacity is low. (-10% MP)
                  | [potion of mutation]
 87981 | Pan      | Gained mutation: You expend magic power (3 MP) to
                  | strengthen your wands. [potion of mutation]
 87982 | Pan      | Lost mutation: You are occasionally teleported next to
                  | monsters. [potion of mutation]
 87982 | Pan      | Lost mutation: You expend magic power (3 MP) to strengthen
                  | your wands. [potion of mutation]
 87982 | Pan      | Lost mutation: You passively map the area around you.
                  | [potion of mutation]
 87982 | Pan      | Gained mutation: You are dopey. (Int -2) [potion of
                  | mutation]
 87982 | Pan      | Gained mutation: A frigid envelope surrounds you and
                  | freezes all who hurt you. [potion of mutation]
 87985 | Pan      | Gained mutation: You are clumsy. (Dex -2) [a neqoxec]
 87991 | Pan      | Gained mutation: You are occasionally teleported next to
                  | monsters. [a neqoxec]
 88025 | Pan      | Lost mutation: You possess an exceptional clarity of mind.
                  | [potion of mutation]
 88025 | Pan      | Lost mutation: You are robust. (+10% HP) [potion of
                  | mutation]
 88025 | Pan      | Gained mutation: You have a pair of small horns on your
                  | head. [potion of mutation]
 88025 | Pan      | Gained mutation: You are partially covered in iridescent
                  | scales. (AC +2) [potion of mutation]
 88026 | Pan      | Lost mutation: You are partially covered in iridescent
                  | scales. (AC +2) [potion of mutation]
 88026 | Pan      | Lost mutation: You have a pair of small horns on your head.
                  | [potion of mutation]
 88026 | Pan      | Lost mutation: You are dopey. (Int -2) [potion of mutation]
 88026 | Pan      | Lost mutation: A frigid envelope surrounds you and freezes
                  | all who hurt you. [potion of mutation]
 88026 | Pan      | Gained mutation: You are vulnerable to cold. (rC-) [potion
                  | of mutation]
 88026 | Pan      | Gained mutation: Your system is resistant to poisons.
                  | (rPois) [potion of mutation]
 88026 | Pan      | Gained mutation: Your spells are a little harder to cast,
                  | but a little more powerful. [potion of mutation]
 88044 | Pan      | Lost mutation: Your system is resistant to poisons. (rPois)
                  | [potion of mutation]
 88044 | Pan      | Lost mutation: You are occasionally teleported next to
                  | monsters. [potion of mutation]
 88044 | Pan      | Lost mutation: You are vulnerable to cold. (rC-) [potion of
                  | mutation]
 88158 | Pan      | Noticed Mnoleg
 88176 | Pan      | Killed Mnoleg
 88274 | Pan      | Got a glowing rune of Zot
 88372 | Pan      | Gained mutation: You occasionally lose the ability to read
                  | scrolls when taking damage. [a cacodemon]
 88376 | Pan      | Found an exit through the horrors of the Abyss.
 88385 | Pan      | Took an exit into the Abyss.
 88385 | Abyss:1  | Escaped into the Abyss
 88387 | Abyss:1  | Lost mutation: Your spells are a little harder to cast, but
                  | a little more powerful. [potion of mutation]
 88387 | Abyss:1  | Lost mutation: You occasionally lose the ability to read
                  | scrolls when taking damage. [potion of mutation]
 88387 | Abyss:1  | Lost mutation: You passively map a small area around you.
                  | [potion of mutation]
 88387 | Abyss:1  | Gained mutation: You passively dampen the noise of your
                  | surroundings. [potion of mutation]
 88387 | Abyss:1  | Gained mutation: You have a pair of small horns on your
                  | head. [potion of mutation]
 88387 | Abyss:1  | Gained mutation: You passively map a small area around you.
                  | [potion of mutation]
 88494 | Abyss:3  | Found a corrupted altar of Lugonu.
 88504 | Abyss:3  | Found a corrupted altar of Lugonu.
 88504 | Abyss:3  | Found a corrupted altar of Lugonu.
 88834 | Abyss:3  | Found a corrupted altar of Lugonu.
 88908 | Abyss:3  | Paralysed by accursed screaming for 2 turns
 88930 | Abyss:3  | Paralysed by accursed screaming for 1 turns
 89030 | Abyss:4  | Found a corrupted altar of Lugonu.
 89102 | Abyss:4  | Paralysed by accursed screaming for 1 turns
 89236 | Abyss:4  | Paralysed by you for 3 turns
 89240 | Abyss:4  | Got an abyssal rune of Zot
 89303 | Abyss:4  | Reached skill level 27 in Fighting
 89326 | Abyss:5  | Found a corrupted altar of Lugonu.
 89433 | Abyss:5  | Found a corrupted altar of Lugonu.
 89563 | Depths:2 | Escaped the Abyss
 89890 | Shoals:1 | Bought a smoking trident for 280 gold pieces
 89890 | Shoals:1 | Identified the +2 trident "Xuadasto" {freeze, rN+} (You
                  | bought it in a shop on level 1 of the Shoals)
 89890 | Shoals:1 | Bought a buzzing mace for 264 gold pieces
 89890 | Shoals:1 | Identified the +4 mace "Ateih" {drain, Stlth+} (You bought
                  | it in a shop on level 1 of the Shoals)
 90681 | Tar:1    | Entered Level 1 of Tartarus
 90692 | Tar:1    | Stairs in room to the left of entrance.
 90693 | Tar:2    | Noticed an ancient lich
 90719 | Tar:2    | Killed an ancient lich
 91689 | Tar:2    | This floor has a nasty "welcoming party." Fortunately for
                  | me, I instantly teleported next to a wall and could dig a
                  | killhole right before any enemy woke up.
 92198 | Tar:3    | Stairs east of entrance.
 92212 | Tar:4    | Silent specter on floor. Tzitzimitl spawns north of
                  | entrance.
 92999 | Tar:5    | Stairs in southeast.
 93101 | Tar:6    | Noticed a dread lich
 93103 | Tar:6    | Dread lich south of entrance. Be aware of many tainted
                  | leviathans in area.
 93957 | Tar:6    | Stairs in southwest. Expect lots of resistance.
 94059 | Tar:7    | Entered Level 7 of Tartarus
 94487 | Tar:7    | You can dig to the right. Beware nearby tainted leviathans
                  | and shadow wraiths at the start.
 94704 | Tar:7    | Reached skill level 27 in Throwing
 94889 | Tar:7    | This room in the southeast is horrible.
 95156 | Tar:7    | Identified the +7 mace of Putrescence {venom, Fragile rN++
                  | Dex+8}
 96963 | Tar:7    | Noticed Ereshkigal
 96977 | Tar:7    | Paralysed by Ereshkigal for 4 turns
 97834 | Tar:7    | Killed Ereshkigal
 97859 | Tar:7    | Got a bone rune of Zot
 98386 | Tar:7    | Floor incomplete. Ereshkigal was enough trouble already.
 98469 | Geh:1    | Entered Level 1 of Gehenna
 98488 | Geh:1    | Stairs in north. :)
 98514 | Geh:2    | Noticed an ancient lich
 98515 | Geh:2    | Stairs south of entrance, but there's a bad jamboree
                  | nearby.
 98694 | Geh:2    | Killed an ancient lich
 99017 | Geh:3    | Stairs in hut south of entrance hut.
 99114 | Geh:4    | Stairs in west. Go southward to avoid most enemies.
 99453 | Geh:5    | You fall into a shaft and drop 1 floor!
 99558 | Geh:6    | Shafted next to entrance of floor. At least it's a safe
                  | hut.
 99798 | Geh:6    | Gained mutation: You are occasionally teleported next to
                  | monsters. [mutagenic glow]
 99816 | Hell     | Gained mutation: You are weak. (Str -2) [mutagenic glow]
100237 | Zot:5    | Got the Orb of Zot
100240 | Zot:5    | Noticed an orb of fire
100242 | Zot:5    | Noticed an orb of fire
100247 | Zot:5    | Noticed an orb of fire
100256 | Zot:5    | Noticed a dread lich
100426 | Zot:1    | Noticed Ozedd the pandemonium lord
100505 | Depths:4 | I LOVE TOENAIL GOLEM
100544 | Depths:3 | Noticed Heupn the pandemonium lord
101064 | D:$      | Escaped with the Orb!

Illustrated notes #.......######.# .#....># #.......# #.#.# .# #.###.# #.......# #.#.# .# #.# #.# #.......# #.#.#..# #.# #.# #.......######.#.#..# #.# #.# #.......'....#.#.#..## #.###.# #.......######.#..... #.....# #.......# ###.#..###### #.###.# ######### #....@......########.# #.#.#................# #.#....####.########.# #.###..# #.# #. ...# #.# #. #.## #.# #. #.# #.. #. #.# #.# #.# Turn 524 on D:1: Boots in southwest quadrant ........#.#.####... ................>.. .......##.#†#.#### ..............# #......#......# # #.....#.#.###.# .# #.##.##.#.# #†#####..#.# #. #.#.#..###........... #..###...###.@....... ##.#.#..#.# #......... #...#.#.#.# #......... # #.#.###.#.######...#.#..# #...#.........# ...# #..# ..#####.#.#.#.# ...# #..# #...#...#.#.#.####.### #.)# # #.#.###.#.#.#...... #..# #.).###........#.#####..# Turn 3404 on D:5: +2 scale mail of cold resistance in northeast ........####.###.####...#...#.#.# .###.#### ##.#.## #.#.#.###.#.# ####.### #############.).###.... .......# #≈≈≈≈≈≈≈≈≈§§#.>..##.... ######.# #≈≈§≈≈≈≈≈≈§§####....... #[## #≈≈≈§≈§≈≈§§§# #....... #..###≈≈≈#####≈§§ ##.##... ##[.######...#§§≈ #÷##... ##........@.#§§≈ ####.##... ########...#§≈§##....##### #≈≈≈#####§≈≈#)......... #≈≈≈≈§§§≈≈≈≈##.######## #≈≈≈≈§≈§§§§≈##.# #≈§§≈≈≈§≈§≈≈##.# ##############.# #.# #.# #.# #.# Turn 3817 on D:5: Temple is at center of floor, accessed from its west. Temple entrance: lava pier ### ##_## ##...## ##_..._## ##.......## #_......._# #.........# #....@....# #.........# #_......._# ##.......## ##_..._## ##...## ##_## ### Turn 3821 on Temple: Temple: Gem with dark blue center. #....#####|###+##.#.... ####.# #......#.###.. #.# ###....#...... #.#####*###..#..#### #.'...#,+,#.<#..#,,, #####'#+#*#..#..#*,* #.'...+,#.....#*,* ###...#*#####.#*,, #@'...+,* #.#,,, #'#+#+#** #.#,** #.#,*,+,* #.#,** ###****** #.#,*, ****.#,*, *,,,,*,+, *,**,***, *,**** *, *,,,,* *, Turn 4260 on D:6: Ossuary in west. ### ### ##.# .####..## ###.## #.......# ##..## #..#....# ##....## ..#.(...# ##......## ........####....##..## .?..#...@......####..## # . ###.......## ##..##. ###....## ##.... ##...# ##..# ##..## #..# ##..# ##.# #..## #.# ##..# #.. #### ##.. Turn 6474 on D:7: gloves in northeast ..#####..# ### ...# # ...### ..... ..... .. .....# #.## ....) #..# #.. ...> #.#### #.. #..###..@.# ... #..#..#### ..# #....## ..# #...## ..# #....## ..# #..)..# ..### ##...### ....#####...## .#.........## Turn 7687 on D:7: scarf of resistance in southeast #..# ♣♣.♣♣♣ #.># ♣♣....♣♣♣ ...# ♣♣.......♣♣ ##.####♣.......).♣♣ ##.##.'....♣♣♣♣♣..♣ ......#♣..8....♣..♣♣ ##.#.##♣...♣.8.♣...♣ #....#♣♣..♣....8..♣# ###.## ♣..♣♣♣♣♣@...+ #.# ♣♣.........♣# #.# ♣♣.......♣♣ #.# ♣♣♣..[.♣♣ #.# ♣♣♣.♣♣ #'# ............# ############# Turn 8095 on D:8: Cool tree vault. ............##........###[ #'##.#..#..##........# #† #.......##....###.# #. #...###.##....###.# ## #...#.#.##........# # #...'.'.##........# ## #####.#.##........# #. #....#.##........# #. ####@#.##...########. ####.#.##<..# #.... #....#......# #.#.. ####.#......# #.... #.'......# ####. ###......# #. #......# #. #......# ####. ?.....# #.... Turn 10329 on D:11: Scroll of acquirement in the north of this floor. ...#.. # ....#.$.# # ....'... # #####.....############## #Z.....8......#......... #.............#......... #Z.......[....#......... ................)....... .8.....@.....8.......... ........................ #.............#......... #.............#......... #?.....8......########## #####....Z############## ..#.Z................. # ..'................... #. ###................... Turn 11444 on D:11: Orcish Mines entrance in west. Contains lots of zombies in the area! ########### ##≈≈≈≈≈≈≈≈≈#### ###≈≈≈≈≈≈≈≈≈≈≈≈≈## #≈≈≈≈≈≈≈≈≈≈≈≈≈≈≈≈###### ##≈≈≈≈≈≈≈≈≈≈≈≈≈≈≈≈≈... #≈≈≈≈≈≈≈≈≈≈≈≈≈≈≈≈≈≈~####### ≈≈≈≈≈≈≈≈≈≈≈≈†≈≈≈≈≈≈~≈≈≈.... ≈≈≈≈≈≈≈≈≈≈≈†≈≈≈≈≈≈≈≈≈≈~~~# ~≈≈≈≈≈≈≈≈≈≈≈≈≈≈≈@≈≈≈≈≈~.## .†≈≈≈≈≈≈≈≈≈≈≈≈≈≈≈≈≈≈~...... #~#≈≈≈≈≈≈≈≈≈≈≈≈≈≈≈≈≈≈.#.#.# ..~≈≈≈≈≈≈≈≈≈≈≈≈≈≈≈≈≈..# # # ...~≈≈≈≈≈≈†≈≈≈≈≈†≈~#..... ...~≈≈≈≈≈≈≈≈≈≈≈≈≈~.##.#.. ...#≈≈≈≈≈≈≈≈≈≈≈≈≈≈.# ....# ...#≈≈≈≈≈≈≈≈~~≈≈≈#.# ..... ..[##########...##.# ## Turn 12181 on D:10: electric eel pool #. #9 #. #. ###.### ###.....### ### ##.P.?.P...## #.. #P.PPP.@....## #.# #PPPPPPP.....###.# #PPP..PPPP....##.# #PP.l.PPPP.P..##.####### #PP...PPPPPP#........... ##PPPPPPPPP#####.####### ########### #.# #.####### #........ Turn 12546 on D:10: Lair entrance in southwest; komodo dragon vault with all the plants. Gargoyle in hallway to the north.

,*#.,**#...........#,,,,,,,,,,,,,
,*,#.,####....#....#,,,,,,,,,,,,,
,..#..#PP#..###+#+##*,,,,,,,,,,,,
,...........# #...# *,,,,,,,,,,,,
,,.#........# ##.## *,,,,,,,,,,,,
,....#.##.######.###*,,,,,*,,,,,,
.....###...###.....#*,,,,,*,,,,,,
...#........##.....#*,,,,,,,,,,,,
........#...##..@..#*,,,,,,,,,,,,
....)###....##..∩..#**,,,,,,,,,,,
......##.†..######## *,,,,,,,,,,*
...#..###..## ********,,**,,,,,,,
..##..##....##*,,,,,,,,,***,*,,**
.###.........#,,,,,,,,,^,***,,,**
#.##.P##......P.,,,,,,,,,**,*,,,,
#.##..#..........,,,,,,,,,,,,,,,,
.....P#P.........,,,,,,,,,,,,*,,,


Turn 14702 on Lair:2: Ice cave in northeast area. Inside the vault are two ice
devils; they're not too easy. ...... #.................... #(.............#.....
##.....##........##.## ###..F...###..P...P##.#. ##........P#.............
.............)........... ...>..................... ........@?#..#...........
..P#P..P#....###.#P.#... ##..###..####.###.### ..###.......PP.....###
.........##.........# ..........#...............# ..........................#
...........#..............## ...........#....#..##......# # Turn 19554 on
Lair:3: scroll of acquirement in northeast, close to center of floor. # #####
#......# ###...## #.####.# ##.###.######.####.# #.## ##.)|.....).#.# ..#
#.#####.##.#.# #.# ##.# #......# ##.###.## ####.### #####.## #.# ...≈### #@#
...≈###### #....# ...≈#....# #.#### ≈≈≈≈#....# # ####'....# .........#
.##......# .##.###### ###.# Turn 33701 on D:12: scroll of acquirement in east
....................# ...........########.# #######....# #.# #....# #.# #....#
#.# #...># #.# #....########)# ...........).)# .......@)))# ##.........#
#.........# #.........# #.........# #.........# ########### Turn 34497 on D:13:
Efreet with +4 scimitar of flaming. ...8.8....♣.P♣♣♣.P...........
....♣.......♣♣♣P....###'#.... ...8.8..................#....
..♣...♣................>#.... # ......P.............#####....
####..PP♣..♣.♣♣......P........... .......P.♣P..P♣....P.P.......####
.....................♣.......# ................@⌠..PP.......#
####................P........# .# ♣...♣.PP......P♣.......# .#
♣P♣PPP....♣........# .# ♣..................# .###. ♣.~~~~~~~~~~.......# .....
♣.~8~~~~~~8~.......# ...... ♣.~~~~~~~~~~.......# ...... ....................#
Turn 35727 on D:14: Pleasant park vault. :) .## #.........^......## #.###
###.............^.# .>.^# #................# ...## ##......#####.#.### ..##
#.....####≈§§##.# ..# ##...####≈.......# ..# #...###.....≈....# ^##
#..###s≈..≈##...^# ## #####§§.@.###....# ## #s.≈≈.# ###### .# #..≈5.≈# ##
#≈....≈s# # #≈≈≈.s≈.s# ##s.≈..≈## ######## Turn 41010 on Spider:3: Demonic
crawler vault in southeast. Includes crimson imp!
,,,,,*,*****,****#.#***#.#,,+,,* ,,,,,+,* *,* #.# #.+,,*,,* ******,* *,* #.#
#.#,,*,,* *,* *,* #)# #.#****** *****,****#.#####.#####.#
*,,,+,,,,,.....§........######## *,*,*,*****.##§##.#####.#......# **,,,+,*
*,*#.##.# #.'......# ,,,,,+,* *,,§§@§§# #.#......# *,,*,*,* *,*#§##§# #.#......#
,,,,,*,*****,*#§*#§#***#.#......' **,,,*,,,,,,,,.§,...,,,..#......#
,+,*,*,*****,##**#.#***#.#......# ,+,,,*,* *,* #.# #.#......# ,*****,* *,* #?#
#.#......# ,,,,**,* *,* *,* *,#......# ,,*,**,*****,*****,*****,######## Turn
45766 on Vaults:2: Desolation entrance in west.
,,,...........)§§§§......#######, ,*,.......§§§#§§§.§§§....#######,
,,*.......#§§§.§§§§§§....#######, ,,,.......§.§.§.§§§§§....#######,
,,*.........§.§§§§§§.§...#######, ,**..........§§.§§§§§§...#######,
,,,§§.§§§8..#####§§...§§.#######, ,**...§....#.##[##§.§§...#######,
,,*...§§.#.....)@##§§§...#######, *,*...§§......#...#......######,,
,,*.§§§§....####.##......######,, ,**.§§§§....#*,#/##......#######,
,,,,§§§..#...**..|#......#######, ,,,,§§§..##..,,..##...##.#######,
,,,,§§§..,.#.#*[##.......#######, ,,,,,§§§,8.,#####........#######,
,,,,,,,,,,,,,............#######, Turn 46637 on Desolation: phial of floods :)
,,,,,,,,,,,################ ,,,########################
,,,######################## ,,,########################
,,,#######........§..§§§§.. ,,,#######........§§§§§§§..
,,,#######........§§§§§§§.. ,,,#######...#..§..§§§§§§..
,,,#######@...#§§§§§§§§§.§§ ,,,#######.....§.§§§§§§§...
,,,#######.....§§§§§§§§§§.. ,,,#######.....§§§§§§......
,,,#######.....§§.......... ,,,#######.................
,,,#######................. ,,,#######................§
,,,#######...............§§ Turn 47004 on Desolation: Easiest Desolation of Salt
experience ever. #................. #'################ ##.## #...# #...## #.o.Q
##)..## #.[.# ##...## #...# ### ##...## #T.T# ##.#######...## #p...
#......@......# #.... ##...#######.## #T... ##...## ### #...# ##...## #...#
##...## ##...# ##.## ### Turn 48485 on Vaults:4: 'Z' or 'N' shaped vault
##~~~~~..........# ##~~~~~..........#.# ###~~~~~~...)....##m.m m
≈≈≈~~~~~~........##~. ~# ≈≈~~~~~~~........~# ~m~ ≈≈~~~~~~~........~# ~#~#
#######~......)..##..~≈~ ##~............# ##~......@...## #~~..~..~~..~#
#~~~~~~~~~....~~ #~~~~~~~~~~.~~~~ #~~~~~~~~~~~~~~~ #~~~~~~~~~~~~~~~
#~~~~~~~~~~~~~~~~ #.~~~~~~~~~~~~~~~~ ..~~~~~~~≈≈~~~~~~ Turn 51682 on Shoals:4:
scroll of acquirement in east ################## ≈≈≈≈k≈≈≈≈≈≈≈≈≈≈≈≈≈≈≈≈≈≈≈
≈≈≈≈≈≈≈@≈≈≈≈≈≈≈≈≈≈≈≈≈≈≈≈ ≈≈≈≈≈≈≈≈≈≈≈≈≈≈≈≈≈≈≈≈≈≈≈≈ ≈≈≈≈≈≈≈≈≈≈≈≈≈≈≈~~~~~≈≈≈≈
≈≈≈≈≈≈≈≈≈≈~~~~~~~~~~~~~≈ ≈≈≈≈≈≈≈≈≈~~~~~~~..~~~~~~ ≈≈≈≈≈≈≈≈~~~~.~~~..~~~~~~
≈≈≈≈≈≈≈~~~~~~~~~.~~~~)~~ ≈≈≈≈≈≈≈~~~~~~~~~.....))) ≈≈≈≈≈≈~~~~~~~~.....!)~~ Turn
51966 on Shoals:4: second scroll of acquirement was in north-center btw
~~~~~~....~~~~~~# ~~######...~~~~~ .##()...#..~~~~~ ≈ ##~)).†#.#.~~~~~ ≈
#≈..#))†#.#~~~~~ #≈.≈≈†≈...#~~~~~ #≈.≈##≈≈..# ~~~~ #≈..≈#)#..# ~≈≈≈ #≈#@.≈≈..~#
≈≈≈ # ##≈#....~## ≈ ##≈≈≈≈≈##≈≈≈≈≈≈≈≈≈≈ #######≈≈≈≈≈≈≈≈≈≈≈ P~~PP~P≈≈≈≈≈≈≈≈≈≈
≈~PPPPPP≈≈≈≈≈≈≈≈≈ ≈~~~PP~~~~~≈≈≈≈≈≈ ~~PP~~~~~~~≈≈≈≈≈≈ <~~...PP~~~~≈≈≈≈≈ Turn
52217 on Shoals:4: rune in western north-ish chamber
############################## .............................#
.............................# .............................#
...........[....@............# .............................#
.............................# ...........................).#
######################.......# #.......# #.......# #.......# #.......# Turn
53946 on Depths:1: Watery Hell vault west of entrance, Abyss entrance alone in
west, swampy area for southeast quadrant; layout consists of large open hallways
surrounding a rough square. §........# .........## ......#...# ......#...#
#.......^.#### ##..).....##.# #...........##### #.[...(......#.#
##..........ip@# ##........p....# #....∩....pp...# #......p.C..##.#
##......W.... ..# #.......p......# .#..........#### ...........# Turn 56108 on
Depths:4: Hell knight + necromancer jamboree in east. Beware of flayed ghost,
too ................................. .................................
................................. ........#.#.....#................
........####.#####............... .......##$ #..##!###............. .....###(?
##.#"[!##............. .....##)/!##..##?|$###...........
...###?)$))....?@φ=)###.......... ....##)!/?......=)[)##...........
...####[?."....|..[###........... ..G#####..........#####..........
....#................#........... ......#............#............. ...##
##..........#####.......... ....###:=.)....).??# #..........
....##)!:?......$[)$# #.......... Turn 60505 on Slime:5: manual of short blades
########### #L.....H... #.@.....H.H #....######### #......!..... #..#...#.#.#..#
#..#........... #..#...#.#..... #..#........... #..#...#....... #..#...........
Turn 61181 on Vaults:5: Lich IN THE ABSOLUTE NORTHWEST CORNER.
....#......#.......[#..#..... * ....^.....#§§§.......#..#.C...
....#....#..§.†...[..C...#.... , ....#...#...§§............#...
.......#..........#........#.. ......#............#........#. ,
..##..............#......... ,................)..#.....#.
.#......#....@....)#.....# * , #.......#.................*,
....#................* , * *.....#...........C...*, , * ,
,......#..........#...* , , ..................#.. ,* , ............e........ ,,
* ,#................... ,, *, *, , , Turn 62624 on Vaults:5: silver rune in
southeast quadran #.....≈#.≈#.##...§.....##≈.≈ #..^........#..○§§......≈≈≈≈
#.≈..#......##.○☼○§......≈.≈ #≈≈≈.........#.○○○..........
#≈≈≈##≈.......#≈..≈≈≈..≈.... ##≈≈≈≈≈≈##....≈≈≈≈≈≈≈≈..#..≈
#≈≈≈≈≈≈..##..≈≈≈≈≈≈≈≈.....≈≈ #≈≈≈≈≈........≈≈###≈#.#....≈
#≈≈≈##≈.#.#@#≈≈≈##≈≈≈....≈.≈ #####≈≈≈#.#..#≈####≈....≈≈≈.
##≈#≈#≈####≈...###≈..≈...≈≈≈ #≈≈≈#≈≈≈##≈≈≈.≈##≈≈≈≈≈≈..≈≈≈
##≈≈≈#≈###≈≈≈≈≈≈##≈≈≈≈≈∩.≈≈≈ ####### ###########.####### ##.## ##.## ##.## Turn
68303 on Coc:1: Stairs west of entrance. #~~~≈≈....##....^~..# ##..≈≈
#~~~≈..######....≈..# ##...≈≈ #~~~≈≈..# ##...~≈..## ###..)≈≈.
#~~~.≈≈.####...~≈≈≈..####...≈≈≈.. ##....≈...#^.≈≈~≈.≈≈.......≈≈...#
#.†##.≈≈....≈≈~...≈≈≈≈....≈≈..### #..##..~≈.≈≈≈.....≈≈≈≈≈≈≈~≈..##
#..###..~~≈...##..~≈^...≈~..## #..# #..#...####@.~~....≈~..# #..###.##.###
#.≈≈...#..~..# ##.†#..#..# ##.≈≈..###.≈~.# #≈≈...##.## #..≈..## #..≈.## ##
#≈≈≈..##.# ##.~≈.## ##.≈..###. #≈≈≈≈##..# ##..~..# ##..≈≈.#...
#≈≈≈≈##..####..≈≈..####....~....≈ #≈≈≈####..##...≈≈..........~≈..≈≈
####≈≈##......≈≈...........~≈≈≈≈≈ Turn 68802 on Coc:3: Stairs in center of
floor, southwest of entrance. #####≈≈≈≈≈≈≈≈≈≈≈≈≈≈≈≈≈≈≈ ~~~ *
≈≈≈≈≈≈≈≈≈≈≈≈≈≈≈≈≈≈≈≈≈≈≈≈ ≈≈≈≈≈≈≈≈≈≈≈≈≈≈≈≈≈≈≈≈≈≈≈≈ ~ ≈≈≈≈≈≈≈.≈≈≈≈≈≈≈≈≈≈.≈≈≈≈≈
≈≈≈≈≈≈≈.≈≈≈≈≈≈≈.≈.≈≈≈≈≈≈ ~~ ≈≈≈≈≈≈...≈≈≈≈≈≈^.≈≈≈≈≈≈≈~* *
≈≈≈≈≈≈....≈≈≈≈≈.>≈≈≈≈≈≈≈* ≈≈≈≈≈......≈≈≈≈.≈≈≈≈≈≈≈# * ≈≈≈≈≈.......≈≈..@≈≈≈≈### *~
~ ≈≈≈≈≈........≈..≈≈≈≈≈## ~ ≈≈≈≈≈...^......≈≈≈≈≈≈≈## ~ ≈≈≈≈≈..^......^≈≈≈≈≈≈≈≈#
~ ≈≈≈≈≈≈≈≈≈≈.......≈≈≈≈≈≈≈ ≈≈≈≈≈≈≈≈≈≈≈≈≈........≈≈≈~ ≈≈≈≈####≈≈≈≈≈.∩≈≈≈.....≈
≈≈≈≈≈#####≈≈≈..≈≈≈≈≈≈... ≈≈≈≈≈≈# #≈≈≈..≈≈≈≈≈≈≈≈≈≈ * Turn 69599 on Coc:4: Stairs
are north of entrance, but this floor is very dangerous! * ≈≈≈≈≈~...∩≈~..... ,
#≈≈≈≈≈.....~~.... ~ *#≈≈≈.......~≈..≈ , ,, ##~~........≈≈≈≈ , ##≈.§.§§...≈≈≈≈ ^
###§9§§..≈####* ~ ##§§##### * ~ ~ #§z## * ~ ###@## * * ##§## ##§## ##.## ##.##
##.## ##.# ### Turn 69668 on Coc:5: This floor contains curse skulls.
###≈~.##...≈. , , , , #~### #...., ..#.#, #~# #..........,. , ~ #~#
#..#......... ~ #~# #.....#...>.. , ~ #~# #.......#.... , , ##~### #....#......#
, , #≈≈~.###.........#.. , ##≈≈.......≈≈@....... #≈≈≈......~~≈#....... , *
#≈≈≈≈..~~~~~~..##...# * ,, ##≈≈≈≈≈~...∩≈~....... , ##≈≈≈≈≈.....~~...... ~ *~
##≈≈≈.......~≈..≈≈≈ , ,, ##~~........≈≈≈≈≈., ##≈........≈≈≈≈.. ^ ,
###≈.....≈###### ~ Turn 70013 on Coc:5: Stairs just northeast of entrance, but
lots of enemies in the way. ############## * ####≈≈^^@≈≈≈≈≈≈≈≈~ #≈#≈≈≈..≈≈≈≈≈≈#≈
~ #≈≈≈≈..≈.≈.≈≈≈## * #≈≈≈≈.≈≈≈≈≈.≈≈≈≈≈ ~~ * * ##≈≈≈≈.≈≈≈≈..≈..Z ~
#≈≈≈≈....≈.....^≈ ~ ~~~ ##≈≈≈≈≈.≈......≈≈ ~ ~~ #≈##≈≈≈≈≈≈#....9≈≈≈≈E≈ ,,
#≈≈###≈#≈#≈.###....≈.≈ Turn 70345 on Coc:6: Stairs in northwest.
~~~~~~~~~~~~~~~~~~~~***##.,,,,,,, ~~~~~~~~~~~~~~~~~~***##...,,,,,,,
~~~~~~~~~~~~~~~~~***#.....,,,,,,, ~~~~~~~~~~~~~~~~***#......,,,,,,,
~~~~~~~~~~~~~~***##.......,,,,,,, ~~~~~~~~~~~~*** ##....#*****,,,,,
**~~~~~~~**** ###....#* *****,,,, ********* ###.^...## *~~~**~,, #
###...@.###****~~~~~~~* ###########......##***,*~~*~~~~** ≈≈≈.............##
*,,,,,,***~** ≈≈≈≈≈........#### *,,,,,,* **'** ≈≈≈≈≈≈≈.......### *,,,,,,* **,,
≈≈≈≈≈≈≈≈........## **,,,,,* **,,, ≈≈≈≈≈≈≈≈~........## *,,,*** *,,,,
≈≈≈≈≈≈≈~~~≈≈......##***** *,,,, ..≈≈≈≈~~≈≈≈≈≈≈.....# **,,, Turn 72520 on Coc:7:
I swear I saw an alarm trap here the last time. , ,#.......###### , * ,#######.#
, , #.# ,, * #.# * * #.## * * *#.#######..### #............# , *..####)####.# ,,
* #..{@§e.#.#* #..eeE..# ., * * , * #.......# . * * * ....e8..... .. , ,,
#..#....e(.#.#** * , , #..#..e....#.# , , *#. #.......#,# , , ####.#### * ,, ,,
, Turn 75927 on Elf:3: Orcish idol? Wait, what? , , , , ,,, , , , , ,, * ,* , ,,
,** , ,, , * , +, * , , , * * * , ,, ,* ,,, , ,#####* , * , ⌠ #..y#* * * * ,,,
,#.@.# , , * , , ,#...# * , , , , , ,#...# ,* #...# *,, , *** , ..⌠.., , * *
#.....#* * ##...## * ##y## * ,,, , , * Turn 78389 on Zot:1: icy - barnacled -
silver , * ,, , + , #..... *, *,, ,#...# , #..... * * , #...# #..... , * ,
*#...# ,, * #..... * * * #...# ##### #..... * * #...###...###..... ** *
,,,*#...##.....###'### , #...#.......##.# * * , +@..'...)[..##.# ,* ,,
#...#...)...##.# , #...##.....###.# * , #...###...###..# * ##### #...# #####
#### ** *##...###...###...## , ,,##.....##...##.....## , #.......#...#.......# ,
#.......'...'...)...###### Turn 80139 on Zot:2: Oh hey. This vault is typically
seen in the dungeon. ####### ######### #.....# #.......# ### #..(..# #.......#
#.# #.....###### #####.......####.. #.....'....###...+.......'....#
#.....###......###.......####.# #.....###'####@###.......# #.#
########............##'### #.# #............##.# #.. #............#..######.#
#............#.........# #....^.......#?#######.# #####............#.# #.#
#...'............#.# #.. ##.###............#.# #.# Turn 82767 on Zot:4: This
floor was easy. * , ,, , , * , + , , , , , , , * , , , #+# * , + ,, ,+.#
#+##+####*+#∩# * ,, +......@+....+ , ,* ,,##+#....#..#+#+#. * , ,+....#+.......
, #..#'#........ , * #+##.........., +.....#....... ##..#+#....... * , ,#.#*,
......# , *, +. , .....## , Turn 90692 on Tar:1: Stairs in room to the left of
entrance. ##(## ##(## ##.## ##.############# ##.##.........## ##.(.........^##
#....#.#.#....# ##.(.#.....#...# #...#...@...#..# #.......(......#
#...#.>.8...#..# #...^..........# #...#.......#..# #....#.....#...# *
#.....#.#.#....## #...............# ###.⌠.........##.## * Turn 91689 on Tar:2:
This floor has a nasty "welcoming party." Fortunately for me, I instantly
teleported next to a wall and could dig a killhole right before any enemy woke
up. ..#...#'#...^...# ..#.....##......# ..#......#......# ..'......#......#
+##......#......# .+.......'......# .#....##'##.....# .##...+...#+###'##
..##+##.........@# ..#.............## #.#.............# #.+..........##'#
#+####'###+###..## #..'........+....# .#'###'#...##.#'## .'.....##+##..+.#
.#..#+##..+...#.# Turn 92198 on Tar:3: Stairs east of entrance. ############# *
............#* , ...........## , * #.........# ##.#.....## , , * ###....#* , ,
##...# ,, #.@.# , , , **,, ##∩## ,, #...# ,, ,* ^ ,##..# * , * ##..# * , , , , ,
* ^..#, , * ..... , ...#.# * * * *#.####* , Turn 92212 on Tar:4: Silent specter
on floor. Tzitzimitl spawns north of entrance. *#.####........^.....#
#..##...............# #.####.#..(.........# ##.# ####...........# #.##
#...........# ### #............# , ** ..............# ,#.#...#.#......# * ,
##########@....# , * #.....# , , ,* ,*, ......# , , .......# ,, ........#
.........# , ..........# * ############ Turn 92999 on Tar:5: Stairs in
southeast. ## ## , .#####. ,# # ..... # #.#. #...# .# * #⌠...##...##..#
Z.............# , ###.∩.@.##.# , #.^........# *#...##.....#.# ** .°○.,,#.#.#^# #
#.C ..#.#... .C ,,..##.....# # , ^..,......# , #L°. ....... #C☼. #..h ** Turn
93103 on Tar:6: Dread lich south of entrance. Be aware of many tainted
leviathans in area. #..........#,.. ######...### # , ##.#.## * , #.....# ##...##
, , #.....# ####.#.###### .#.#.....#.#.## .............@.# * #...#..#..#.>.##*
#...............#* ##.#.#.....#.#.## , ######.#.###### , , #.....# * ##...## *
#..... ##.#.## Turn 93957 on Tar:6: Stairs in southwest. Expect lots of
resistance. ******#################### ,,,,,,.............(...(.#
,,,,,,..........@.######## ,,,,,,............# ,,,,,,............#
,,,,,,............# ,,,,,,............# ^,,,,,............# ,,****###.........#
********###.......# ****,,,***##......# Turn 94487 on Tar:7: You can dig to the
right. Beware nearby tainted leviathans and shadow wraiths at the start. ,,,,,*
#..[.....|#.# ,,,,,* #.###...###.# ,,,,** #.#########.# ,,,,* #..#######..#
,,,,* ##.........## ,,,** ##.......## ,,,*********##.....## ,,**,,,,,,,* ##...##
,,**,,,,,,,* ##@## ,***,,,,,,,****#+#************ ,************,,○..,,,,,,,,,,,*
,**,,,,*,,,,*,C§...,,,,,,,,,,* ,**,,,,*,,,,*○°°A..A,,,,,,,,,*
***,,,,*,,,,#.1..A..C,,,,,,,,* * *,,,,*,,,,#.......☼☼,,,,,,,*
**********###########******* Turn 94889 on Tar:7: This room in the southeast is
horrible. ........###...............## .......## ###'#########'### .......#
#..[.....|#.# .......# #.###...###.# ......#* #.#########.# ......#
#..#######..# ......# ##.........## .....## ##.......## .....#********##@....##
....##,,,,,,,* ##...## ....#*,,,,,,,* ##.## ...##*,,,,,,,****#+#************
...#***********,,○..,,,,,,,,,,,* ...#*,,,,*,,,,*,C§...,,,,,,,,,,*
...#*,,,,*,,,,*○°°A..A,,,,,,,,,* ..##*,,,,*,,,,#.1..A..C,,,,,,,,* .##
*,,,,*,,,,#.......☼☼,,,,,,,* Turn 98386 on Tar:7: Floor incomplete. Ereshkigal
was enough trouble already. ####### ##############§§≈≈≈###
#≈§§≈.≈≈##≈≈≈§@§....≈§ #≈≈≈..###....§........ , ~ #≈...##.##.....#...... ,
#§...'...'...####....# #§)####.####.# ,....+ #≈.# ### ~§..#*+ .C## * ~ #§§####
*§..## ## #≈§...# .§§+ , *+ #§§§...# #§§§# , ^ Turn 98488 on Geh:1: Stairs in
north. :) #....≈...∩..# , #......#..## ##....###.# #....#.### , #.......#
#......## , * ,,##.....## , ##......# #....@### , ..........# ..........# , ,
.>........# ,, ..........# ........... , , ..........hh ..L.....N....** Turn
98515 on Geh:2: Stairs south of entrance, but there's a bad jamboree nearby. *
##........## #.§§§≈.....## #..§≈§≈≈.....# , #..§§≈≈≈.....# ......≈.......# *
.≈§....##'#...... * ......##..##..... , ....##....##.... ~ ....#.@....#...# , ,
.. +......# ..# , ##....## ## ##..##* * , ~ , #### *** , , , ~ , Turn 99017 on
Geh:3: Stairs in hut south of entrance hut. * , ~ , ~~ * *** * * ,, * ** * , * ,
,, ### ^, , , ..## * * #...# ######^...# * , * #.@.......# ^ +# ##....#..## ,..
... ####..######...n... #......##.......... ##+#............... *,
###....≈.......§ * ,,###....≈≈..§§.. * ,,#.......≈≈≈≈..≈ * ##.......≈≈§≈≈≈# Turn
99114 on Geh:4: Stairs in west. Go southward to avoid most enemies. * ~ * ~ ~ *
~ , #### , ###..#+# ,, #.....@+ , , #......#* #........# #........# , ,
##......## , #.∩....# , ###..###* ##+# , Turn 99558 on Geh:6: Shafted next to
entrance of floor. At least it's a safe hut. ♣.♣ ##..#....## #............. ♣.♣
#.........####......#..... ♣♣.♣ ##......................... ♣..♣
#......#................... ..♣♣ ##.....##.§≈§..≈§∩......... _.♣
#.#..###.§§§≈≈≈≈9......... .♣♣ ####[####.<.≈≈§§≈..[....... ♣♣
#.<.#.§.#..≈§≈≈≈≈.......... #....§§§..@.)..≈≈..........
#....§§§≈.................. #..#.§≈≈§≈§.....#####.#####
##.##§.§§§§...###.........# ####...§§§.###............ ##.§§..##.....#######..
##...##....### ### #....#....## # ##^..##.....## ## Turn 100505 on Depths:4: I
LOVE TOENAIL GOLEM

Levels and vault maps discovered:
D:1:      lemuel_arrival_hallway, layout_basic, basic_ecumenical_altar
D:2:      layout_loops_ring
D:3:      layout_loops_ring, nicolae_overflow_crystal_walls,
          minmay_fractal_squares_diagonal_5
D:4:      layout_basic, mainiacjoe_overflow_paths,
          mainiacjoe_overflow_concentric_impassable, uniq_menkaure
D:5:      layout_loops_ring, minmay_temple_entry_poolview
D:6:      layout_basic, grunt_temple_overflow_diamond,
          chequers_temple_overflow_minitemple, nicolae_ossuary_entry_catacombs,
          uniq_duvessa, uniq_prince_ribbit1
D:7:      minmay_the_grid_four_pointed_star
          [minmay_the_grid_triangle_9x9_impossible_snake,
          minmay_the_grid_triangle_9x9_sparse_checkered,
          minmay_the_grid_triangle_9x9_zippers_vertical,
          minmay_the_grid_triangle_9x9_cache,
          minmay_the_grid_prize_four_corners], layout_layer_cave,
          mainiacjoe_overflow_cross_hatched, minmay_fractal_squares_gapless_5
D:8:      layout_loops_ring, kennysheep_potato, uniq_amaemon
D:9:      layout_basic
D:10:     layout_basic, mainiacjoe_overflow_catwalk, david_lair_shrubbed
D:11:     layout_stronghold, zombieorc2_lemuel, serial_shops, shop, uniq_erica
D:12:     layout_loops_cross, chequers_serial_rivers_room_a, uniq_azrael
D:13:     layout_small_grid, skrybe_vaults_entry_preservation,
          nicolae_shop_dragon_depot, nicolae_gozag_zags_fifth_avenue
D:14:     layout_gridville, serial_park_paths [serial_park_minivault_5x5_4]
D:15:     hangedman_depths_entry_civil_slaughter, layout_irregular_city,
          kennysheep_doodads, uniq_jorgrun
Temple:   hellmonk_temple_micro_hex
Lair:1:   layout_chaotic_city, uniq_nergalle
Lair:2:   layout_gridlike, elwin_shoals_entry_rocks,
          portal_ice_cave_demonic_guard, grunt_megastairs_1, uniq_urug
Lair:3:   layout_gridlike, nicolae_spider_entry_orb_guardian
Lair:4:   beast_lair_carwin_large_1, layout_regular_city, slime_entry_1
Lair:5:   wormcave, layout_cave_pods, hangedman_lair_tendril_chambers
Shoals:1: layout_shoals, serial_shops, shop, nicolae_take_the_stairs,
          nicolae_shop_waterfront
Shoals:2: layout_shoals, nicolae_shoals_sun_and_surf, uniq_polyphemus
Shoals:3: layout_shoals, nicolae_shoals_square_sea_wall
Shoals:4: shoals_end_hangedman, layout_shoals, shoals_ilsuiw_ice, serial_shops,
          nicolae_shop_tiny_waterfront, nicolae_shoals_wave_tunnel, uniq_mara
Spider:1: layout_spider_delve
Spider:2: layout_cave_pods
Spider:3: nicolae_spider_hilbert_zone_3 [nicolae_spider_hilbert_4_sides_2_open,
          nicolae_spider_hilbert_3_sides_1_open,
          nicolae_spider_hilbert_3_sides_1_open,
          nicolae_spider_hilbert_3_sides_1_open,
          nicolae_spider_hilbert_3_sides_1_open,
          nicolae_spider_hilbert_4_sides_1_open,
          nicolae_spider_hilbert_4_sides_1_open,
          nicolae_spider_hilbert_4_sides_1_open,
          nicolae_spider_hilbert_4_sides_1_open,
          nicolae_spider_hilbert_4_sides_1_open,
          nicolae_spider_hilbert_4_sides_1_open,
          nicolae_spider_hilbert_4_sides_1_open,
          nicolae_spider_hilbert_4_sides_1_open,
          nicolae_spider_hilbert_3_sides_1_open,
          nicolae_spider_hilbert_3_sides_1_open,
          nicolae_spider_hilbert_3_sides_1_open,
          nicolae_spider_hilbert_3_sides_1_open], nicolae_crawler_farm
Spider:4: johnstein_spider_rune_arachne_lair, uniq_kirke
Slime:1:  layout_caves
Slime:2:  cheibrodos_slime_lost_civilization_2, layout_caves
Slime:3:  layout_caves, basic_altar
Slime:4:  layout_caves
Slime:5
Orc:1:    cheibrodos_orc_guarddog, layout_caves, kennysheep_orc_sif_temple
Orc:2:    pf_orc_diabolical, layout_caves, serial_shops,
          nicolae_shop_tiny_glass, mines2_david
Elf:1:    layout_geoelf_diagonals, minivault_28
Elf:2:    elven_hall_of_blades_hangedman_alternative [nicolae_blade_lattice],
          layout_geoelf_grid, serial_shops, shop_statue
Elf:3:    elf_hall_gauntlet_wide, layout_loops_corners, minivault_28
Vaults:1: hangedman_vaults_trim, ontoclasm_vaults_ring_square,
          nicolae_vaults_cornered_office, nicolae_vaults_little_squares_5,
          nicolae_vaults_heart-shaped_vault, ontoclasm_vaults_hangar,
          ontoclasm_vaults_ring_small, nicolae_vaults_circle_grid_b,
          nicolae_vaults_trapezoid_lopsided_1, vaults_room_grid,
          nicolae_vaults_little_squares_4, dpeg_vaults_monster_box,
          nicolae_vaults_tetromino_T_2, nicolae_vaults_trapezoid_4,
          layout_vaults_big_cross
Vaults:2: portal_desolation_entry_nicolae_forbidding_blocks,
          ontoclasm_vaults_fault, hangedman_vaults_locks,
          nicolae_vaults_double_plus_2, grunt_vaults_hallway_short,
          nicolae_vaults_tetromino_Z_2, nicolae_vaults_security_offices_1,
          vaults_dpeg_encased_lava, nicolae_vaults_closet_pinwheel_3, v_misc_10,
          v_misc_13, nicolae_vaults_octothorpe, v_misc_12,
          nicolae_vaults_sightless_eye, nicolae_vaults_little_squares_2,
          nicolae_vaults_network_quinsquares
          [nicolae_vaults_network_quincunx_subvault,
          nicolae_vaults_network_quincunx_subvault,
          nicolae_vaults_network_quincunx_subvault,
          nicolae_vaults_network_quincunx_subvault], vaults_room_pool,
          nicolae_vaults_house_3, layout_vaults_maze_bifur, serial_shops, shop
Vaults:3: nicolae_vaults_closet_pinwheel_6, nicolae_vaults_stairing_the_circle,
          v_misc_33, v_misc_24, vaults_room_door_hall, v_misc_13,
          nicolae_vaults_double_plus_1, vaults_dpeg_ring,
          nicolae_vaults_sesquioval_fish, layout_vaults_omnigrid, serial_shops,
          nicolae_book_shop_shelving, uniq_nikola
Vaults:4: nicolae_vaults_closet_pinwheel_1, ontoclasm_vaults_ring_square,
          nicolae_vaults_mitosis, v_pattern_3,
          nicolae_vaults_security_offices_6, nicolae_vaults_swerve,
          nicolae_vaults_little_squares_3, nicolae_vaults_tetromino_Z_2,
          nicolae_vaults_weapon_check, nicolae_vaults_big_ls,
          nicolae_vaults_trapezoid_2, nicolae_vaults_little_squares_4,
          layout_vaults_ring, serial_shops, nicolae_shop_window_shopping
Vaults:5
Crypt:1:  layout_regular_city, grunt_megastairs_5, uniq_saint_roka,
          uniq_bai_suzhen
Crypt:2:  layout_chaotic_city, gammafunk_ghost_spectres,
          roderic_lattice_octagonal_star
Crypt:3:  lightli_unholy_cathedral, layout_chaotic_city
Depths:1: layout_forbidden_donut, abyss_entry, hangedman_decor_clover_reticule,
          pf_hell_entry_tar_river, serial_bayou_lagoon_b
Depths:2: minmay_five_octagons, layout_cave_shapes, rand_demon_pan_entry_8,
          infiniplex_staircase_zigzag_5, grunt_hell_entry_dis_grunt,
          serial_bayou_shore_b
Depths:3: minmay_spiral_squares, layout_small_grid, hell_entry, hex_tiny,
          gammafunk_ghost_wrathful_warriors, abyss_entry
Depths:4: grunt_x_marks_the_spot, layout_cave_pools, enter_ziggurat_a,
          hell_entry, fedhas_altar_4, nicolae_uskayaw_en_pointe
Hell
Geh:1:    layout_gehenna_lava_caves
Geh:2:    layout_gehenna_pools_basic
Geh:3:    layout_gehenna_pools_basic
Geh:4:    layout_gehenna_pools_triple
Geh:5:    layout_gehenna_pools_basic, gehenna_fire_generator
Geh:6:    layout_gehenna_lava_caves
Coc:1:    layout_cocytus_delve, nicolae_hells_seeping_fissure
Coc:2:    layout_cocytus_water_paths
Coc:3:    layout_ice_bergs
Coc:4:    layout_cocytus_water_paths
Coc:5:    nicolae_coc_caina, layout_ice_bergs
Coc:6:    layout_cocytus_delve, serial_ice
Coc:7:    coc_mu
Tar:1:    layout_honeycomb, nicolae_tar_cuneiform_bread, lemuel_nasty_fountain
Tar:2:    layout_catacombs, evilmike_ambush [evilmike_ambush_outer_pillars,
          evilmike_ambush_inner_basic]
Tar:3:    layout_honeycomb
Tar:4:    layout_grid_maze
Tar:5:    layout_grid_maze
Tar:6:    layout_honeycomb, nicolae_tar_stay_or_leave
Tar:7:    tar_mu [tar_mu_maze]
Zot:1:    gammafunk_sealed_arena, layout_onion, grunt_ministairs_14,
          nicolae_diode_basic, grunt_megastairs_2, uniq_josephina
Zot:2:    kennysheep_six_static_rooms, layout_gridlike,
          nicolae_transporter_intersection
Zot:3:    layout_cathedral_of_symmetry, nrook_zot_tub
Zot:4:    layout_gridlike, uniq_vv
Zot:5:    layout_gridlike

Skill      XL: |  1  2  3  4  5  6  7  8  9 10 11 12 13 14 15 16 17 18 19 20 21 22 23 24 25 26 27 |
---------------+----------------------------------------------------------------------------------+-----
Stealth        | 1 2 3 5 6 8 10 13 16 18 19 26 | 26.8
Long Blades    | 4 5 6 7 8 10 12 14 15 16 18 19 22 27 | 27.0
Dodging        | 5 6 7 8 10 11 12 13 15 16 18 20 22 23 24 25 27 | 27.0
Throwing       | 3 4 5 6 7 8 9 10 11 12 13 14 15 17 27 | 27.0
Fighting       | 3 5 8 10 12 14 16 18 19 20 21 22 23 24 27 | 27.0
Armour         | 3 5 7 8 9 |  9.3
Evocations     | 4 6 8 10 13 14 15 | 15.8
Invocations    | 3 |  3.0
Shields        | 1 5 7 12 16 18 20 21 22 27 | 27.0

Action                     |  1- 3 |  4- 6 |  7- 9 | 10-12 | 13-15 | 16-18 | 19-21 | 22-24 | 25-27 || total
---------------------------+-------+-------+-------+-------+-------+-------+-------+-------+-------++-------
  Melee: Long sword        |    38 |       |       |       |       |       |       |       |       ||    38
         Falchion          |    28 |    94 |   401 |   148 |       |       |       |       |       ||   671
         Punch             |     1 |       |     5 |     8 |       |       |       |       |       ||    14
         Scimitar          |       |       |       |   531 |  1486 |  1707 |  1154 |       |       ||  4878
         Unarmed           |       |       |       |     8 |       |       |       |       |       ||     8
         Tailslap          |       |       |       |       |    17 |    67 |    31 |     4 |   318 ||   437
         Demon blade       |       |       |       |       |       |       |   470 |  1910 |  5314 ||  7694
         Rapier            |       |       |       |       |       |       |       |       |   539 ||   539
         Headbutt          |       |       |       |       |       |       |       |       |   505 ||   505
  Throw: Stone             |       |     7 |    14 |    47 |    81 |    62 |       |       |       ||   211
         Throwing net      |       |     3 |     5 |       |     6 |     2 |     3 |     2 |    15 ||    36
         Dart              |       |       |     6 |    19 |    45 |    44 |    17 |     3 |    39 ||   173
         Boomerang         |       |       |     1 |    11 |    12 |    34 |    81 |    92 |   435 ||   666
         Javelin           |       |       |       |       |       |       |       |     5 |    83 ||    88
 Invoke: Shadow Step       |       |       |       |       |       |     1 |     2 |       |    16 ||    19
  Evoke: Wand              |       |       |       |    16 |     1 |    13 |     5 |    12 |    40 ||    87
         Lightning rod     |       |       |       |       |       |       |     2 |       |    13 ||    15
         Phial of floods   |       |       |       |       |       |       |     1 |       |     1 ||     2
         Tin of tremorston |       |       |       |       |       |       |       |       |     3 ||     3
         Box of beasts     |       |       |       |       |       |       |       |       |     2 ||     2
         Phantom mirror    |       |       |       |       |       |       |       |       |     2 ||     2
    Use: Potion            |       |     5 |       |     9 |     4 |     9 |    14 |     4 |    60 ||   105
         Scroll            |       |     4 |    10 |    15 |     8 |    14 |    20 |     5 |    30 ||   106
   Stab: Sleeping          |     3 |     1 |     5 |     9 |     7 |    53 |    54 |    26 |   136 ||   294
         Held in net/web   |       |     3 |     5 |       |     6 |     1 |     7 |     4 |    17 ||    43
         Distracted        |       |       |       |     2 |     1 |     4 |    11 |    10 |    45 ||    73
         Invisible         |       |       |       |       |       |    11 |     9 |       |    29 ||    49
         Paralysed         |       |       |       |       |       |       |       |       |     2 ||     2
         Betrayed ally     |       |       |       |       |       |       |       |       |     2 ||     2
 Armour: Leather armour    |    10 |       |       |       |       |       |       |       |       ||    10
         Ring mail         |     5 |    18 |     7 |       |       |       |       |       |       ||    30
         Skin              |       |    31 |       |    26 |       |       |       |       |       ||    57
         Scale mail        |       |       |   123 |   180 |   278 |    31 |       |       |       ||   612
         Troll leather arm |       |       |       |       |       |   163 |   145 |    94 |   409 ||   811
  Dodge: Dodged            |    52 |    44 |   209 |   345 |   887 |  1521 |  1325 |  1245 |  4076 ||  9704
  Block: Buckler           |       |       |       |    12 |   529 |  1255 |   550 |       |       ||  2346
         Reflection        |       |       |       |       |       |    29 |    57 |     3 |       ||    89
         Kite shield       |       |       |       |       |       |       |  1053 |  1660 |  3500 ||  6213
         Tower shield      |       |       |       |       |       |       |       |       |  2685 ||  2685
